Workbook
Name Auxiliar: #REF!
Name Auxiliar: #REF!
Name Auxiliar: #REF!
Name Auxiliar: #REF!
Name Auxiliar: #REF!
Name Auxiliar: #REF!
Name Auxiliar: #REF!
Name Auxiliar: #REF!
Name Auxiliar: #REF!
Name Auxiliar: #REF!
Name Auxiliar: #REF!
Name CUSTO_VALE_TRANSPORTE: #REF!
Name CUSTO_VALE_TRANSPORTE: #REF!
Name CUSTO_VALE_TRANSPORTE: #REF!
Name CUSTO_VALE_TRANSPORTE: #REF!
Name CUSTO_VALE_TRANSPORTE: #REF!
Name CUSTO_VALE_TRANSPORTE: #REF!
Name CUSTO_VALE_TRANSPORTE: #REF!
Name CUSTO_VALE_TRANSPORTE: #REF!
Name CUSTO_VALE_TRANSPORTE: #REF!
Name CUSTO_VALE_TRANSPORTE: #REF!
Name CUSTO_VALE_TRANSPORTE: #REF!
Name ecwece4c: #REF!
Name ecwece4c: #REF!
Name ecwece4c: #REF!
Name ecwece4c: #REF!
Name ecwece4c: #REF!
Name ecwece4c: #REF!
Name ecwece4c: #REF!
Name ecwece4c: #REF!
Name ecwece4c: #REF!
Name ecwece4c: #REF!
Name ecwece4c: #REF!
Name MOMB4: '[1]SERVENTE MANUTENCAO'!$I$144
Name MONA1: #REF!
Name MONA1: #REF!
Name MONA1: #REF!
Name MONA1: #REF!
Name MONA1: #REF!
Name MONA1: #REF!
Name MONA1: #REF!
Name MONA1: #REF!
Name MONA1: #REF!
Name MONA1: #REF!
Name MONA1: #REF!
Name MONA2: #REF!
Name MONA2: #REF!
Name MONA2: #REF!
Name MONA2: #REF!
Name MONA2: #REF!
Name MONA2: #REF!
Name MONA2: #REF!
Name MONA2: #REF!
Name MONA2: #REF!
Name MONA2: #REF!
Name MONA2: #REF!
Name MONA3: [2]HIDRAULICO!$I$138
Name MONA4: '[2]SERVENTE (AUX PRODUCAO)'!$I$138
Name MONA5: #REF!
Name MONA5: #REF!

Sheet Supervisor
A1: PLANILHA DE CUSTOS E FORMAÇÃO DE PREÇOS DE SERVIÇOS CONTINUADOS COM DEDICAÇÃO EXCLUSIVA DE MÃO DE OBRA (ANEXO III - DECRETO 52.768 de 15.12.2015)
A2: PROCESSO: | C2: 24/4501-0000254-7 | E2: REGIME DE TRIBUTAÇÃO: LUCRO REAL
A3: LICITAÇÃO/EDITAL | E3: ABERTURA:
A5: Cargo/Função: | D5: Supervisor | G5: =IF(D6="12x36","Regime de trabalho:","Quantidade de HORAS/MÊS") -> Quantidade de HORAS/MÊS | I5: =IF(D6="12x36",D6,5*D6) -> 220
A6: =IF(D6="12x36","Regime de trabalho:","Regime de trabalho (horas semanais):") -> Regime de trabalho (horas semanais): | D6: 44
A7: Convenção Coletiva de Trabalho: | D7: CCT RS000041/2026 | G7: INSALUBRIDADE (10%, 20%, 40%) | I7: Não aplicável
A8: Origem do salário: | D8: CCT RS000041/2026
A9: Cidade: | D9: Porto Alegre | G9: PERICULOSIDADE (30%) | I9: Não aplicável
A10: Salário Normativo | G10: Vlr. do salário e nº de horas correspondentes | H10: 220 | I10: 2307.83
A11: ISS | G11: =D9 -> Porto Alegre | H11: Alíquota | I11: 0.05
A12: Tarifa Transporte | G12: CCT | H12: Vr. Unitário | I12: 5.3
H13: Dias | I13: 22
H14: Desconto | I14: 0.06
A15: Auxílio Alimentação | G15: CCT | H15: Vr. Unitário | I15: 27.15
H16: Dias | I16: 22
H17: Desconto | I17: 0.19
A18: Auxílio Lanche | G18: CCT | H18: Vr. Unitário | I18: 0
H19: Dias | I19: 0
H20: Desconto | I20: 0
A21: PLANO DE BENEFÍCIO SOCIAL FAMILIAR (Cláusla 31ª) | G21: CCT | H21: Valor mensal | I21: 25.52
A23: Prêmio Assiduidade (Cláusual 19ª) | G23: CCT | H23: Valor mensal | I23: 80
A25: Adicional de Supervisor (37%) | H25: Porcentagem | I25: 0.37
A26: Base de cálculo da insalubridade | H26: Valor | I26: Não aplicável
A27: Quantitativo de horas trabalhadas em feriados no mês (estimado) - Não aplicável para postos 12x36 | H27: Horas por mês | I27: 8
H28: Acréscimo da hora extra | I28: 1
A29: Hora Intervalar (somente para postos 12x36, quando for o caso) | H29: Horas por mês | I29: Não aplicável
A30: Sem fornecimento de materiais ou apenas fornecimento de EPIs ou uniformes, utilizar 10%. Com fornecimento de materiais ou equipamentos, utilizar 20%. (Decreto 52.768/2015, alterado pelo Decreto 53.424/2017) | H30: Porcentagem | I30: 0.1
I31: Não aplicável
A37: MONTANTE A
A38: I | B38: Remuneração - Grupo I | H38: % | I38: Valor Mensal/unidade de serviço (R$)
A39: 1 | B39: Salário | H39: =I39/$I$47 -> 0.67287267 | I39: =IF(D6="12x36",I10,I10/H10*I5) -> 2307.83
A40: =A39+1 -> 2 | B40: Adicional Periculosidade 30% (Ver súmulas 364, 132 e 191 do TST) | H40: =I40/$I$47 -> 0 | I40: =IF(I9=30%,I39*I9,0) -> 0
A41: =A40+1 -> 3 | B41: Adicional Insalubridade 10% (Ver súmula 228 e 139 TST) | H41: =I41/$I$47 -> 0 | I41: =IF(I7=10%,I26*I7,0) -> 0
A42: =A41+1 -> 4 | B42: Adicional Insalubridade 20% (Ver súmula 228 e 139 TST) | H42: =I42/$I$47 -> 0 | I42: =IF(I7=20%,I26*I7,0) -> 0
A43: =A42+1 -> 5 | B43: Adicional Insalubridade 40% (Ver súmula 228 e 139 TST) | H43: =I43/$I$47 -> 0 | I43: =IF(I7=40%,I26*I7,0) -> 0
A44: =A43+1 -> 6 | B44: Adicional de Supervisor (IN 05/2017 MPOG SLTI) | H44: =I44/$I$47 -> 0.24896289 | I44: =IF(I25="Não aplicável",0,I39*I25) -> 853.8971
A45: =A44+1 -> 7 | B45: Feriados | H45: =I45/$I$47 -> 0.067042586 | I45: =IF(I27="Não aplicável",0,(I39+I40+I41+I42+I43+I44)/I5*I27*(1+I28)) -> 229.94379
A46: =A45+1 -> 8 | B46: DSR = número total das horas extras do mês / número de dias úteis X domingos e feriados do mês X valor da hora extra com acréscimo | H46: =I46/$I$47 -> 0.011121862 | I46: =IF(I27="Não aplicável",0,I27/I13*5*(I10/H10*(1+I28))) -> 38.14595
A47: Total de Remuneração | H47: =SUM(H39:H46) -> 1 | I47: =SUM(I39:I46) -> 3429.8168
A58: II | B58: Encargos Sociais - Grupo II: Obrigações Sociais | H58: % | I58: Valor Mensal/unidade de serviço (R$)
A59: 1 | B59: INSS (art. 22, inc. I, Lei nº 8.212/91) | H59: 0.2 | I59: =$I$47*H59 -> 685.96337
A60: 2 | B60: SESI ou SESC (art. 30, Lei nº 8.036/90) | H60: 0.015 | I60: =$I$47*H60 -> 51.447253
A61: 3 | B61: SENAI ou SENAC (Decreto-Lei nº 2.318/86) | H61: 0.01 | I61: =$I$47*H61 -> 34.298168
A62: 4 | B62: INCRA (art. 15I, Lei Complementar nº 011/71) | H62: 0.002 | I62: =$I$47*H62 -> 6.8596337
A63: 5 | B63: SALÁRIO EDUCAÇÃO (art. , inc. I, Decreto nº 87.043/82) | H63: 0.025 | I63: =$I$47*H63 -> 85.745421
A64: 6 | B64: FGTS (art. 15, Lei nº 8.036/90) | H64: 0.08 | I64: =$I$47*H64 -> 274.38535
A65: 7 | B65: SEG. ACIDENTE DO TRABALHO 1%, 2% e 3% (art. 22, inc. II, alíneas "b" e "c", da Lei nº 8.212/91) | H65: 0.03 | I65: =$I$47*H65 -> 102.89451
A66: 8 | B66: SEBRAE (§ 3º, art. 8º, Lei nº 8.029/90) | H66: 0.006 | I66: =$I$47*H66 -> 20.578901
A67: Total do Grupo II | H67: =SUM(H59:H66) -> 0.368 | I67: =SUM(I59:I66) -> 1262.1726
A68: Os percentuais para o SAT podem variar de 0,50% a 6,00% em função do Fator de Acidente Previdenciário (FAP), Decreto nº 6.957/2009
A69: Deverá obrigatoriamente acompanhar a proposta de preços e a planilha de custos e formação de preços a prova do Fator Acidentário de Prevenção – FAP por meio de impressão de consulta ao site do Ministério da Previdência Social (que pode ser obtido no endereço eletrônico http://www2.dataprev.gov.br/fap/fap.htm), independentemente de alteração da alíquota da parcela do Seguro Acidente de Trabalho disposta no Quadro II da referida planilha.
A70: III | B70: Encargos Sociais - Grupo III: Tempo Não Trabalhado | H70: % | I70: Valor Mensal/unidade de serviço (R$)
A71: 1 | B71: FÉRIAS GOZADAS + ADICIONAL DE FÉRIAS | H71: 0.119314 | I71: =$I$47*H71 -> 409.22517
A72: 2 | B72: FALTAS ABONADAS (3) | H72: 0.020479 | I72: =$I$47*H72 -> 70.239219
A73: 3 | B73: FALTAS LEGAIS (4) | H73: 0.012123 | I73: =$I$47*H73 -> 41.57967
A74: 4 | B74: LICENÇA MATERNIDADE | H74: 0.011436 | I74: =$I$47*H74 -> 39.223385
A75: 5 | B75: LICENÇA PATERNIDADE | H75: 0.000174 | I75: =$I$47*H75 -> 0.59678813
A76: 6 | B76: ACIDENTE DE TRABALHO | H76: 0.000442 | I76: =$I$47*H76 -> 1.515979
A77: 7 | B77: AVISO PRÉVIO TRABALHADO | H77: 0.000185 | I77: =$I$47*H77 -> 0.63451612
A78: 8 | B78: 13º SALÁRIO | H78: 0.09079 | I78: =$I$47*H78 -> 311.39307
A79: Total do Grupo III | H79: =SUM(H71:H78) -> 0.254943 | I79: =SUM(I71:I78) -> 874.40779
A80: (3) | B80: Faltas Justificadas por Auxílio Doença
A81: (4) | B81: Faltas Legais - Art. 473 CLT
A82: IV | B82: Encargos Sociais - Grupo IV: Indenizações | H82: % | I82: Valor Mensal/unidade de serviço (R$)
A83: 1 | B83: INDENIZAÇÕES | H83: 0.048321 | I83: =$I$47*H83 -> 165.73218
A84: 2 | B84: FGTS SOBRE INDENIZAÇÕES | H84: 0.003511 | I84: =$I$47*H84 -> 12.042087
A85: 3 | B85: INDENIZAÇÃO COMPENSATÓRIA POR DEMISSÃO SEM JUSTA CAUSA | H85: 0.019328 | I85: =$I$47*H85 -> 66.2915
A86: Total do Grupo IV | H86: =SUM(H83:H85) -> 0.07116 | I86: =SUM(I83:I85) -> 244.06577
A88: V | B88: Encargos Sociais - Grupo V: Incidências | H88: % | I88: Valor Mensal/unidade de serviço (R$)
A89: 1 | B89: INCIDÊNCIA GRUPO II (Obrigações Sociais) X GRUPO III (Tempo Não Trabalhado) | H89: =(H67*H79) -> 0.093819024 | I89: =$I$47*H89 -> 321.78207
A90: Total do Grupo V | H90: =SUM(H89:H89) -> 0.093819024 | I90: =I89 -> 321.78207
A92: TOTAL DOS ENCARGOS SOCIAIS (II + III + IV + V) | H92: =H67+H79+H86+H90 -> 0.78792202 | I92: =I67+I79+I86+I90 -> 2702.4282
A94: VI | B94: Demais custos relativos à Norma Coletiva ou Disposições Legais - Grupo VI | H94: % | I94: Valor Mensal/unidade de serviço (R$)
A95: 1 | B95: Auxílio Alimentação | H95: =I95/$I$47 -> 0.14106089 | I95: =I114 -> 483.813
A96: =A95+1 -> 2 | B96: Auxílio Lanche | H96: =I96/$I$47 -> 0 | I96: =I110 -> 0
A97: =A96+1 -> 3 | B97: Plano de Saúde | H97: =I97/$I$47 -> 0 | I97: 0
A98: =A97+1 -> 4 | B98: Vale-Transporte⁽⁵⁾ | H98: =I98/$I$47 -> 0.027619609 | I98: =I106 -> 94.7302
A99: =A98+1 -> 5 | B99: Adicional Intervalar | H99: =I99/$I$47 -> 0 | I99: =IF(I29="Não aplicável",0,((I10/H10)*1.5*I29)) -> 0
A100: 6 | B100: Plano de Benefício Social Familiar | H100: =I100/$I$47 -> 0.0074406306 | I100: =I21 -> 25.52
A101: 7 | B101: Prêmio Assiduidade | H101: =I101/$I$47 -> 0.023324861 | I101: =I23 -> 80
A102: Total do Grupo VI | H102: =SUM(H95:H101) -> 0.19944599 | I102: =SUM(I95:I101) -> 684.0632
A103: (5) | B103: O valor do vale-transporte pode variar de acordo com o modal fornecido pelo empregador.
A104: MEMÓRIA DE CÁLCULO DO VALE TRANSPORTE
A105: Valor Unitário | C105: Dias de Trabalho | D105: Vale p/dia | E105: Custo total | F105: Base de cálculo | G105: Percentual de desconto | H105: Valor desconto | I105: Custo efetivo
A106: =IF(I12="Não aplicável",0,I12) -> 5.3 | C106: =IF(I13="Não aplicável",0,I13) -> 22 | D106: 2 | E106: =A106*C106*D106 -> 233.2 | F106: =I39 -> 2307.83 | G106: =IF(I14="Não aplicável",0,I14) -> 0.06 | H106: =F106*G106 -> 138.4698 | I106: =IF((E106-H106)>0,E106-H106,0) -> 94.7302
A108: MEMÓRIA DE CÁLCULO DO VALE LANCHE
A109: Valor Unitário | C109: Dias por mês | D109: Vale p/dia | E109: Custo total | F109: Base de cálculo | G109: Percentual de desconto | H109: Valor desconto | I109: Custo efetivo
A110: =IF(I18="Não aplicável",0,I18) -> 0 | C110: =IF(I19="Não aplicável",0,I19) -> 0 | D110: 1 | E110: =A110*C110*D110 -> 0 | F110: =E110 -> 0 | G110: =IF(I20="Não aplicável",0,I20) -> 0 | H110: =F110*G110 -> 0 | I110: =E110-H110 -> 0
A112: MEMÓRIA DE CÁLCULO DO | F112: =A15 -> Auxílio Alimentação
A113: Valor Unitário | C113: Dias por mês | D113: Vale p/dia | E113: Custo total | F113: Base de cálculo | G113: Percentual de desconto | H113: =H105 -> Valor desconto | I113: Custo efetivo
A114: =IF(I15="Não aplicável",0,I15) -> 27.15 | C114: =IF(I16="Não aplicável",0,I16) -> 22 | D114: 1 | E114: =A114*C114*D114 -> 597.3 | F114: =E114 -> 597.3 | G114: =IF(I17="Não aplicável",0,I17) -> 0.19 | H114: =F114*G114 -> 113.487 | I114: =E114-H114 -> 483.813
A116: TOTAL DO MONTANTE A (I + II + III+ IV + V +VI) | H116: =H47+H92+H102 -> 1.987368 | I116: =I47+I92+I102 -> 6816.3083
A118: MONTANTE B
A119: I | B119: Despesas Diretas | H119: % | I119: Valor Mensal/unidade de serviço (R$)
A120: 1 | B120: Transporte (6) | H120: =I120/$I$132 -> 0 | I120: 0
A121: 2 | B121: Uniformes/EPI (6a) | H121: =I121/$I$132 -> 0 | I121: 0
A122: 3 | B122: Seguro de vida | H122: =I122/$I$132 -> 0 | I122: 0
A123: 4 | B123: Materiais/Equipamentos (7) | H123: =I123/$I$132 -> 0 | I123: =IF(F130=20%,G130,0) -> 0
A124: 5 | B124: Depreciação de equipamentos (8) | H124: =I124/$I$132 -> 0 | I124: 0
A125: 6 | B125: Mobilização (8) | H125: =I125/$I$132 -> 0 | I125: 0
...

Sheet Auxiliar de Supervisor
A1: PLANILHA DE CUSTOS E FORMAÇÃO DE PREÇOS DE SERVIÇOS CONTINUADOS COM DEDICAÇÃO EXCLUSIVA DE MÃO DE OBRA (ANEXO III - DECRETO 52.768 de 15.12.2015)
A2: PROCESSO: | C2: 24/4501-0000254-7 | E2: REGIME DE TRIBUTAÇÃO: LUCRO REAL
A3: LICITAÇÃO/EDITAL | E3: ABERTURA:
A5: Cargo/Função: | D5: Auxiliar de Supervisor | G5: =IF(D6="12x36","Regime de trabalho:","Quantidade de HORAS/MÊS") -> Quantidade de HORAS/MÊS | I5: =IF(D6="12x36",D6,5*D6) -> 220
A6: =IF(D6="12x36","Regime de trabalho:","Regime de trabalho (horas semanais):") -> Regime de trabalho (horas semanais): | D6: 44
A7: Convenção Coletiva de Trabalho: | D7: CCT RS000041/2026 | G7: INSALUBRIDADE (10%, 20%, 40%) | I7: Não aplicável
A8: Origem do salário: | D8: CCT RS000041/2026
A9: Cidade: | D9: Porto Alegre | G9: PERICULOSIDADE (30%) | I9: Não aplicável
A10: Salário Normativo | G10: Vlr. do salário e nº de horas correspondentes | H10: 220 | I10: 2307.83
A11: ISS | G11: =D9 -> Porto Alegre | H11: Alíquota | I11: 0.05
A12: Tarifa Transporte | G12: CCT | H12: Vr. Unitário | I12: 5.3
H13: Dias | I13: 22
H14: Desconto | I14: 0.06
A15: Auxílio Alimentação | G15: CCT | H15: Vr. Unitário | I15: 27.15
H16: Dias | I16: 22
H17: Desconto | I17: 0.19
A18: Auxílio Lanche | G18: CCT | H18: Vr. Unitário | I18: 0
H19: Dias | I19: 0
H20: Desconto | I20: 0
A21: PLANO DE BENEFÍCIO SOCIAL FAMILIAR (Cláusla 31ª) | G21: CCT | H21: Valor mensal | I21: 25.52
A23: Prêmio Assiduidade (Cláusual 19ª) | G23: CCT | H23: Valor mensal | I23: 80
A25: Adicional de Supervisor (37%) | H25: Porcentagem | I25: Não aplicável
A26: Base de cálculo da insalubridade | H26: Valor | I26: Não aplicável
A27: Quantitativo de horas trabalhadas em feriados no mês (estimado) - Não aplicável para postos 12x36 | H27: Horas por mês | I27: 8
H28: Acréscimo da hora extra | I28: 1
A29: Hora Intervalar (somente para postos 12x36, quando for o caso) | H29: Horas por mês | I29: Não aplicável
A30: Sem fornecimento de materiais ou apenas fornecimento de EPIs ou uniformes, utilizar 10%. Com fornecimento de materiais ou equipamentos, utilizar 20%. (Decreto 52.768/2015, alterado pelo Decreto 53.424/2017) | H30: Porcentagem | I30: 0.1
I31: Não aplicável
A37: MONTANTE A
A38: I | B38: Remuneração - Grupo I | H38: % | I38: Valor Mensal/unidade de serviço (R$)
A39: 1 | B39: Salário | H39: =I39/$I$47 -> 0.91805766 | I39: =IF(D6="12x36",I10,I10/H10*I5) -> 2307.83
A40: =A39+1 -> 2 | B40: Adicional Periculosidade 30% (Ver súmulas 364, 132 e 191 do TST) | H40: =I40/$I$47 -> 0 | I40: =IF(I9=30%,I39*I9,0) -> 0
A41: =A40+1 -> 3 | B41: Adicional Insalubridade 10% (Ver súmula 228 e 139 TST) | H41: =I41/$I$47 -> 0 | I41: =IF(I7=10%,I26*I7,0) -> 0
A42: =A41+1 -> 4 | B42: Adicional Insalubridade 20% (Ver súmula 228 e 139 TST) | H42: =I42/$I$47 -> 0 | I42: =IF(I7=20%,I26*I7,0) -> 0
A43: =A42+1 -> 5 | B43: Adicional Insalubridade 40% (Ver súmula 228 e 139 TST) | H43: =I43/$I$47 -> 0 | I43: =IF(I7=40%,I26*I7,0) -> 0
A44: =A43+1 -> 6 | B44: Adicional de Supervisor (IN 05/2017 MPOG SLTI) | H44: =I44/$I$47 -> 0 | I44: =IF(I25="Não aplicável",0,I39*I25) -> 0
A45: =A44+1 -> 7 | B45: Feriados | H45: =I45/$I$47 -> 0.06676783 | I45: =IF(I27="Não aplicável",0,(I39+I40+I41+I42+I43+I44)/I5*I27*(1+I28)) -> 167.84218
A46: =A45+1 -> 8 | B46: DSR = número total das horas extras do mês / número de dias úteis X domingos e feriados do mês X valor da hora extra com acréscimo | H46: =I46/$I$47 -> 0.015174507 | I46: =IF(I27="Não aplicável",0,I27/I13*5*(I10/H10*(1+I28))) -> 38.14595
A47: Total de Remuneração | H47: =SUM(H39:H46) -> 1 | I47: =SUM(I39:I46) -> 2513.8181
A58: II | B58: Encargos Sociais - Grupo II: Obrigações Sociais | H58: % | I58: Valor Mensal/unidade de serviço (R$)
A59: 1 | B59: INSS (art. 22, inc. I, Lei nº 8.212/91) | H59: 0.2 | I59: =$I$47*H59 -> 502.76363
A60: 2 | B60: SESI ou SESC (art. 30, Lei nº 8.036/90) | H60: 0.015 | I60: =$I$47*H60 -> 37.707272
A61: 3 | B61: SENAI ou SENAC (Decreto-Lei nº 2.318/86) | H61: 0.01 | I61: =$I$47*H61 -> 25.138181
A62: 4 | B62: INCRA (art. 15I, Lei Complementar nº 011/71) | H62: 0.002 | I62: =$I$47*H62 -> 5.0276363
A63: 5 | B63: SALÁRIO EDUCAÇÃO (art. , inc. I, Decreto nº 87.043/82) | H63: 0.025 | I63: =$I$47*H63 -> 62.845453
A64: 6 | B64: FGTS (art. 15, Lei nº 8.036/90) | H64: 0.08 | I64: =$I$47*H64 -> 201.10545
A65: 7 | B65: SEG. ACIDENTE DO TRABALHO 1%, 2% e 3% (art. 22, inc. II, alíneas "b" e "c", da Lei nº 8.212/91) | H65: 0.03 | I65: =$I$47*H65 -> 75.414544
A66: 8 | B66: SEBRAE (§ 3º, art. 8º, Lei nº 8.029/90) | H66: 0.006 | I66: =$I$47*H66 -> 15.082909
A67: Total do Grupo II | H67: =SUM(H59:H66) -> 0.368 | I67: =SUM(I59:I66) -> 925.08507
A68: Os percentuais para o SAT podem variar de 0,50% a 6,00% em função do Fator de Acidente Previdenciário (FAP), Decreto nº 6.957/2009
A69: Deverá obrigatoriamente acompanhar a proposta de preços e a planilha de custos e formação de preços a prova do Fator Acidentário de Prevenção – FAP por meio de impressão de consulta ao site do Ministério da Previdência Social (que pode ser obtido no endereço eletrônico http://www2.dataprev.gov.br/fap/fap.htm), independentemente de alteração da alíquota da parcela do Seguro Acidente de Trabalho disposta no Quadro II da referida planilha.
A70: III | B70: Encargos Sociais - Grupo III: Tempo Não Trabalhado | H70: % | I70: Valor Mensal/unidade de serviço (R$)
A71: 1 | B71: FÉRIAS GOZADAS + ADICIONAL DE FÉRIAS | H71: 0.119314 | I71: =$I$47*H71 -> 299.9337
A72: 2 | B72: FALTAS ABONADAS (3) | H72: 0.020479 | I72: =$I$47*H72 -> 51.480482
A73: 3 | B73: FALTAS LEGAIS (4) | H73: 0.012123 | I73: =$I$47*H73 -> 30.475017
A74: 4 | B74: LICENÇA MATERNIDADE | H74: 0.011436 | I74: =$I$47*H74 -> 28.748024
A75: 5 | B75: LICENÇA PATERNIDADE | H75: 0.000174 | I75: =$I$47*H75 -> 0.43740436
A76: 6 | B76: ACIDENTE DE TRABALHO | H76: 0.000442 | I76: =$I$47*H76 -> 1.1111076
A77: 7 | B77: AVISO PRÉVIO TRABALHADO | H77: 0.000185 | I77: =$I$47*H77 -> 0.46505635
A78: 8 | B78: 13º SALÁRIO | H78: 0.09079 | I78: =$I$47*H78 -> 228.22955
A79: Total do Grupo III | H79: =SUM(H71:H78) -> 0.254943 | I79: =SUM(I71:I78) -> 640.88034
A80: (3) | B80: Faltas Justificadas por Auxílio Doença
A81: (4) | B81: Faltas Legais - Art. 473 CLT
A82: IV | B82: Encargos Sociais - Grupo IV: Indenizações | H82: % | I82: Valor Mensal/unidade de serviço (R$)
A83: 1 | B83: INDENIZAÇÕES | H83: 0.048321 | I83: =$I$47*H83 -> 121.47021
A84: 2 | B84: FGTS SOBRE INDENIZAÇÕES | H84: 0.003511 | I84: =$I$47*H84 -> 8.8260155
A85: 3 | B85: INDENIZAÇÃO COMPENSATÓRIA POR DEMISSÃO SEM JUSTA CAUSA | H85: 0.019328 | I85: =$I$47*H85 -> 48.587077
A86: Total do Grupo IV | H86: =SUM(H83:H85) -> 0.07116 | I86: =SUM(I83:I85) -> 178.8833
A88: V | B88: Encargos Sociais - Grupo V: Incidências | H88: % | I88: Valor Mensal/unidade de serviço (R$)
A89: 1 | B89: INCIDÊNCIA GRUPO II (Obrigações Sociais) X GRUPO III (Tempo Não Trabalhado) | H89: =(H67*H79) -> 0.093819024 | I89: =$I$47*H89 -> 235.84396
A90: Total do Grupo V | H90: =SUM(H89:H89) -> 0.093819024 | I90: =I89 -> 235.84396
A92: TOTAL DOS ENCARGOS SOCIAIS (II + III + IV + V) | H92: =H67+H79+H86+H90 -> 0.78792202 | I92: =I67+I79+I86+I90 -> 1980.6927
A94: VI | B94: Demais custos relativos à Norma Coletiva ou Disposições Legais - Grupo VI | H94: % | I94: Valor Mensal/unidade de serviço (R$)
A95: 1 | B95: Auxílio Alimentação | H95: =I95/$I$47 -> 0.19246142 | I95: =I114 -> 483.813
A96: =A95+1 -> 2 | B96: Auxílio Lanche | H96: =I96/$I$47 -> 0 | I96: =I110 -> 0
A97: =A96+1 -> 3 | B97: Plano de Saúde | H97: =I97/$I$47 -> 0 | I97: 0
A98: =A97+1 -> 4 | B98: Vale-Transporte⁽⁵⁾ | H98: =I98/$I$47 -> 0.037683792 | I98: =I106 -> 94.7302
A99: =A98+1 -> 5 | B99: Adicional Intervalar | H99: =I99/$I$47 -> 0 | I99: =IF(I29="Não aplicável",0,((I10/H10)*1.5*I29)) -> 0
A100: 6 | B100: Plano de Benefício Social Familiar | H100: =I100/$I$47 -> 0.010151888 | I100: =I21 -> 25.52
A101: 7 | B101: Prêmio Assiduidade | H101: =I101/$I$47 -> 0.0318241 | I101: =I23 -> 80
A102: Total do Grupo VI | H102: =SUM(H95:H101) -> 0.2721212 | I102: =SUM(I95:I101) -> 684.0632
A103: (5) | B103: O valor do vale-transporte pode variar de acordo com o modal fornecido pelo empregador.
A104: MEMÓRIA DE CÁLCULO DO VALE TRANSPORTE
A105: Valor Unitário | C105: Dias de Trabalho | D105: Vale p/dia | E105: Custo total | F105: Base de cálculo | G105: Percentual de desconto | H105: Valor desconto | I105: Custo efetivo
A106: =IF(I12="Não aplicável",0,I12) -> 5.3 | C106: =IF(I13="Não aplicável",0,I13) -> 22 | D106: 2 | E106: =A106*C106*D106 -> 233.2 | F106: =I39 -> 2307.83 | G106: =IF(I14="Não aplicável",0,I14) -> 0.06 | H106: =F106*G106 -> 138.4698 | I106: =IF((E106-H106)>0,E106-H106,0) -> 94.7302
A108: MEMÓRIA DE CÁLCULO DO VALE LANCHE
A109: Valor Unitário | C109: Dias por mês | D109: Vale p/dia | E109: Custo total | F109: Base de cálculo | G109: Percentual de desconto | H109: Valor desconto | I109: Custo efetivo
A110: =IF(I18="Não aplicável",0,I18) -> 0 | C110: =IF(I19="Não aplicável",0,I19) -> 0 | D110: 1 | E110: =A110*C110*D110 -> 0 | F110: =E110 -> 0 | G110: =IF(I20="Não aplicável",0,I20) -> 0 | H110: =F110*G110 -> 0 | I110: =E110-H110 -> 0
A112: MEMÓRIA DE CÁLCULO DO | F112: =A15 -> Auxílio Alimentação
A113: Valor Unitário | C113: Dias por mês | D113: Vale p/dia | E113: Custo total | F113: Base de cálculo | G113: Percentual de desconto | H113: =H105 -> Valor desconto | I113: Custo efetivo
A114: =IF(I15="Não aplicável",0,I15) -> 27.15 | C114: =IF(I16="Não aplicável",0,I16) -> 22 | D114: 1 | E114: =A114*C114*D114 -> 597.3 | F114: =E114 -> 597.3 | G114: =IF(I17="Não aplicável",0,I17) -> 0.19 | H114: =F114*G114 -> 113.487 | I114: =E114-H114 -> 483.813
A116: TOTAL DO MONTANTE A (I + II + III+ IV + V +VI) | H116: =H47+H92+H102 -> 2.0600432 | I116: =I47+I92+I102 -> 5178.574
A118: MONTANTE B
A119: I | B119: Despesas Diretas | H119: % | I119: Valor Mensal/unidade de serviço (R$)
A120: 1 | B120: Transporte (6) | H120: =I120/$I$132 -> 0 | I120: 0
A121: 2 | B121: Uniformes/EPI (6a) | H121: =I121/$I$132 -> 0 | I121: 0
A122: 3 | B122: Seguro de vida | H122: =I122/$I$132 -> 0 | I122: 0
A123: 4 | B123: Materiais/Equipamentos (7) | H123: =I123/$I$132 -> 0 | I123: =IF(F130=20%,G130,0) -> 0
A124: 5 | B124: Depreciação de equipamentos (8) | H124: =I124/$I$132 -> 0 | I124: 0
A125: 6 | B125: Mobilização (8) | H125: =I125/$I$132 -> 0 | I125: 0
...

Sheet Auxiliar de Serviços Adm
A1: PLANILHA DE CUSTOS E FORMAÇÃO DE PREÇOS DE SERVIÇOS CONTINUADOS COM DEDICAÇÃO EXCLUSIVA DE MÃO DE OBRA (ANEXO III - DECRETO 52.768 de 15.12.2015)
A2: PROCESSO: | C2: 24/4501-0000254-7 | E2: REGIME DE TRIBUTAÇÃO: LUCRO REAL
A3: LICITAÇÃO/EDITAL | E3: ABERTURA:
A5: Cargo/Função: | D5: Auxiliar de Serviços Administrativos | G5: =IF(D6="12x36","Regime de trabalho:","Quantidade de HORAS/MÊS") -> Quantidade de HORAS/MÊS | I5: =IF(D6="12x36",D6,5*D6) -> 200
A6: =IF(D6="12x36","Regime de trabalho:","Regime de trabalho (horas semanais):") -> Regime de trabalho (horas semanais): | D6: 40
A7: Convenção Coletiva de Trabalho: | D7: CCT RS000041/2026 | G7: INSALUBRIDADE (10%, 20%, 40%) | I7: Não aplicável
A8: Origem do salário: | D8: CCT RS000041/2026
A9: Cidade: | D9: Porto Alegre | G9: PERICULOSIDADE (30%) | I9: Não aplicável
A10: Salário Normativo | G10: Vlr. do salário e nº de horas correspondentes | H10: 220 | I10: 2307.83
A11: ISS | G11: =D9 -> Porto Alegre | H11: Alíquota | I11: 0.05
A12: Tarifa Transporte | G12: CCT | H12: Vr. Unitário | I12: 5.3
H13: Dias | I13: 22
H14: Desconto | I14: 0.06
A15: Auxílio Alimentação | G15: CCT | H15: Vr. Unitário | I15: 27.15
H16: Dias | I16: 22
H17: Desconto | I17: 0.19
A18: Auxílio Lanche | G18: CCT | H18: Vr. Unitário | I18: 0
H19: Dias | I19: 0
H20: Desconto | I20: 0
A21: PLANO DE BENEFÍCIO SOCIAL FAMILIAR (Cláusla 31ª) | G21: CCT | H21: Valor mensal | I21: 25.52
A23: Prêmio Assiduidade (Cláusual 19ª) | G23: CCT | H23: Valor mensal | I23: 80
A25: Adicional de Supervisor (37%) | H25: Porcentagem | I25: Não aplicável
A26: Base de cálculo da insalubridade | H26: Valor | I26: Não aplicável
A27: Quantitativo de horas trabalhadas em feriados no mês (estimado) - Não aplicável para postos 12x36 | H27: Horas por mês | I27: 8
H28: Acréscimo da hora extra | I28: 1
A29: Hora Intervalar (somente para postos 12x36, quando for o caso) | H29: Horas por mês | I29: Não aplicável
A30: Sem fornecimento de materiais ou apenas fornecimento de EPIs ou uniformes, utilizar 10%. Com fornecimento de materiais ou equipamentos, utilizar 20%. (Decreto 52.768/2015, alterado pelo Decreto 53.424/2017) | H30: Porcentagem | I30: 0.1
I31: Não aplicável
A37: MONTANTE A
A38: I | B38: Remuneração - Grupo I | H38: % | I38: Valor Mensal/unidade de serviço (R$)
A39: 1 | B39: Salário | H39: =I39/$I$47 -> 0.91059603 | I39: =IF(D6="12x36",I10,I10/H10*I5) -> 2098.0273
A40: =A39+1 -> 2 | B40: Adicional Periculosidade 30% (Ver súmulas 364, 132 e 191 do TST) | H40: =I40/$I$47 -> 0 | I40: =IF(I9=30%,I39*I9,0) -> 0
A41: =A40+1 -> 3 | B41: Adicional Insalubridade 10% (Ver súmula 228 e 139 TST) | H41: =I41/$I$47 -> 0 | I41: =IF(I7=10%,I26*I7,0) -> 0
A42: =A41+1 -> 4 | B42: Adicional Insalubridade 20% (Ver súmula 228 e 139 TST) | H42: =I42/$I$47 -> 0 | I42: =IF(I7=20%,I26*I7,0) -> 0
A43: =A42+1 -> 5 | B43: Adicional Insalubridade 40% (Ver súmula 228 e 139 TST) | H43: =I43/$I$47 -> 0 | I43: =IF(I7=40%,I26*I7,0) -> 0
A44: =A43+1 -> 6 | B44: Adicional de Supervisor (IN 05/2017 MPOG SLTI) | H44: =I44/$I$47 -> 0 | I44: =IF(I25="Não aplicável",0,I39*I25) -> 0
A45: =A44+1 -> 7 | B45: Feriados | H45: =I45/$I$47 -> 0.072847682 | I45: =IF(I27="Não aplicável",0,(I39+I40+I41+I42+I43+I44)/I5*I27*(1+I28)) -> 167.84218
A46: =A45+1 -> 8 | B46: DSR = número total das horas extras do mês / número de dias úteis X domingos e feriados do mês X valor da hora extra com acréscimo | H46: =I46/$I$47 -> 0.016556291 | I46: =IF(I27="Não aplicável",0,I27/I13*5*(I10/H10*(1+I28))) -> 38.14595
A47: Total de Remuneração | H47: =SUM(H39:H46) -> 1 | I47: =SUM(I39:I46) -> 2304.0154
A58: II | B58: Encargos Sociais - Grupo II: Obrigações Sociais | H58: % | I58: Valor Mensal/unidade de serviço (R$)
A59: 1 | B59: INSS (art. 22, inc. I, Lei nº 8.212/91) | H59: 0.2 | I59: =$I$47*H59 -> 460.80308
A60: 2 | B60: SESI ou SESC (art. 30, Lei nº 8.036/90) | H60: 0.015 | I60: =$I$47*H60 -> 34.560231
A61: 3 | B61: SENAI ou SENAC (Decreto-Lei nº 2.318/86) | H61: 0.01 | I61: =$I$47*H61 -> 23.040154
A62: 4 | B62: INCRA (art. 15I, Lei Complementar nº 011/71) | H62: 0.002 | I62: =$I$47*H62 -> 4.6080308
A63: 5 | B63: SALÁRIO EDUCAÇÃO (art. , inc. I, Decreto nº 87.043/82) | H63: 0.025 | I63: =$I$47*H63 -> 57.600385
A64: 6 | B64: FGTS (art. 15, Lei nº 8.036/90) | H64: 0.08 | I64: =$I$47*H64 -> 184.32123
A65: 7 | B65: SEG. ACIDENTE DO TRABALHO 1%, 2% e 3% (art. 22, inc. II, alíneas "b" e "c", da Lei nº 8.212/91) | H65: 0.03 | I65: =$I$47*H65 -> 69.120462
A66: 8 | B66: SEBRAE (§ 3º, art. 8º, Lei nº 8.029/90) | H66: 0.006 | I66: =$I$47*H66 -> 13.824092
A67: Total do Grupo II | H67: =SUM(H59:H66) -> 0.368 | I67: =SUM(I59:I66) -> 847.87767
A68: Os percentuais para o SAT podem variar de 0,50% a 6,00% em função do Fator de Acidente Previdenciário (FAP), Decreto nº 6.957/2009
A69: Deverá obrigatoriamente acompanhar a proposta de preços e a planilha de custos e formação de preços a prova do Fator Acidentário de Prevenção – FAP por meio de impressão de consulta ao site do Ministério da Previdência Social (que pode ser obtido no endereço eletrônico http://www2.dataprev.gov.br/fap/fap.htm), independentemente de alteração da alíquota da parcela do Seguro Acidente de Trabalho disposta no Quadro II da referida planilha.
A70: III | B70: Encargos Sociais - Grupo III: Tempo Não Trabalhado | H70: % | I70: Valor Mensal/unidade de serviço (R$)
A71: 1 | B71: FÉRIAS GOZADAS + ADICIONAL DE FÉRIAS | H71: 0.119314 | I71: =$I$47*H71 -> 274.90129
A72: 2 | B72: FALTAS ABONADAS (3) | H72: 0.020479 | I72: =$I$47*H72 -> 47.183931
A73: 3 | B73: FALTAS LEGAIS (4) | H73: 0.012123 | I73: =$I$47*H73 -> 27.931579
A74: 4 | B74: LICENÇA MATERNIDADE | H74: 0.011436 | I74: =$I$47*H74 -> 26.34872
A75: 5 | B75: LICENÇA PATERNIDADE | H75: 0.000174 | I75: =$I$47*H75 -> 0.40089868
A76: 6 | B76: ACIDENTE DE TRABALHO | H76: 0.000442 | I76: =$I$47*H76 -> 1.0183748
A77: 7 | B77: AVISO PRÉVIO TRABALHADO | H77: 0.000185 | I77: =$I$47*H77 -> 0.42624285
A78: 8 | B78: 13º SALÁRIO | H78: 0.09079 | I78: =$I$47*H78 -> 209.18156
A79: Total do Grupo III | H79: =SUM(H71:H78) -> 0.254943 | I79: =SUM(I71:I78) -> 587.3926
A80: (3) | B80: Faltas Justificadas por Auxílio Doença
A81: (4) | B81: Faltas Legais - Art. 473 CLT
A82: IV | B82: Encargos Sociais - Grupo IV: Indenizações | H82: % | I82: Valor Mensal/unidade de serviço (R$)
A83: 1 | B83: INDENIZAÇÕES | H83: 0.048321 | I83: =$I$47*H83 -> 111.33233
A84: 2 | B84: FGTS SOBRE INDENIZAÇÕES | H84: 0.003511 | I84: =$I$47*H84 -> 8.0893981
A85: 3 | B85: INDENIZAÇÃO COMPENSATÓRIA POR DEMISSÃO SEM JUSTA CAUSA | H85: 0.019328 | I85: =$I$47*H85 -> 44.53201
A86: Total do Grupo IV | H86: =SUM(H83:H85) -> 0.07116 | I86: =SUM(I83:I85) -> 163.95374
A88: V | B88: Encargos Sociais - Grupo V: Incidências | H88: % | I88: Valor Mensal/unidade de serviço (R$)
A89: 1 | B89: INCIDÊNCIA GRUPO II (Obrigações Sociais) X GRUPO III (Tempo Não Trabalhado) | H89: =(H67*H79) -> 0.093819024 | I89: =$I$47*H89 -> 216.16048
A90: Total do Grupo V | H90: =SUM(H89:H89) -> 0.093819024 | I90: =I89 -> 216.16048
A92: TOTAL DOS ENCARGOS SOCIAIS (II + III + IV + V) | H92: =H67+H79+H86+H90 -> 0.78792202 | I92: =I67+I79+I86+I90 -> 1815.3845
A94: VI | B94: Demais custos relativos à Norma Coletiva ou Disposições Legais - Grupo VI | H94: % | I94: Valor Mensal/unidade de serviço (R$)
A95: 1 | B95: Auxílio Alimentação | H95: =I95/$I$47 -> 0.20998688 | I95: =I114 -> 483.813
A96: =A95+1 -> 2 | B96: Auxílio Lanche | H96: =I96/$I$47 -> 0 | I96: =I110 -> 0
A97: =A96+1 -> 3 | B97: Plano de Saúde | H97: =I97/$I$47 -> 0 | I97: 0
A98: =A97+1 -> 4 | B98: Vale-Transporte⁽⁵⁾ | H98: =I98/$I$47 -> 0.046578839 | I98: =I106 -> 107.31836
A99: =A98+1 -> 5 | B99: Adicional Intervalar | H99: =I99/$I$47 -> 0 | I99: =IF(I29="Não aplicável",0,((I10/H10)*1.5*I29)) -> 0
A100: 6 | B100: Plano de Benefício Social Familiar | H100: =I100/$I$47 -> 0.011076315 | I100: =I21 -> 25.52
A101: 7 | B101: Prêmio Assiduidade | H101: =I101/$I$47 -> 0.03472199 | I101: =I23 -> 80
A102: Total do Grupo VI | H102: =SUM(H95:H101) -> 0.30236402 | I102: =SUM(I95:I101) -> 696.65136
A103: (5) | B103: O valor do vale-transporte pode variar de acordo com o modal fornecido pelo empregador.
A104: MEMÓRIA DE CÁLCULO DO VALE TRANSPORTE
A105: Valor Unitário | C105: Dias de Trabalho | D105: Vale p/dia | E105: Custo total | F105: Base de cálculo | G105: Percentual de desconto | H105: Valor desconto | I105: Custo efetivo
A106: =IF(I12="Não aplicável",0,I12) -> 5.3 | C106: =IF(I13="Não aplicável",0,I13) -> 22 | D106: 2 | E106: =A106*C106*D106 -> 233.2 | F106: =I39 -> 2098.0273 | G106: =IF(I14="Não aplicável",0,I14) -> 0.06 | H106: =F106*G106 -> 125.88164 | I106: =IF((E106-H106)>0,E106-H106,0) -> 107.31836
A108: MEMÓRIA DE CÁLCULO DO VALE LANCHE
A109: Valor Unitário | C109: Dias por mês | D109: Vale p/dia | E109: Custo total | F109: Base de cálculo | G109: Percentual de desconto | H109: Valor desconto | I109: Custo efetivo
A110: =IF(I18="Não aplicável",0,I18) -> 0 | C110: =IF(I19="Não aplicável",0,I19) -> 0 | D110: 1 | E110: =A110*C110*D110 -> 0 | F110: =E110 -> 0 | G110: =IF(I20="Não aplicável",0,I20) -> 0 | H110: =F110*G110 -> 0 | I110: =E110-H110 -> 0
A112: MEMÓRIA DE CÁLCULO DO | F112: =A15 -> Auxílio Alimentação
A113: Valor Unitário | C113: Dias por mês | D113: Vale p/dia | E113: Custo total | F113: Base de cálculo | G113: Percentual de desconto | H113: =H105 -> Valor desconto | I113: Custo efetivo
A114: =IF(I15="Não aplicável",0,I15) -> 27.15 | C114: =IF(I16="Não aplicável",0,I16) -> 22 | D114: 1 | E114: =A114*C114*D114 -> 597.3 | F114: =E114 -> 597.3 | G114: =IF(I17="Não aplicável",0,I17) -> 0.19 | H114: =F114*G114 -> 113.487 | I114: =E114-H114 -> 483.813
A116: TOTAL DO MONTANTE A (I + II + III+ IV + V +VI) | H116: =H47+H92+H102 -> 2.090286 | I116: =I47+I92+I102 -> 4816.0512
A118: MONTANTE B
A119: I | B119: Despesas Diretas | H119: % | I119: Valor Mensal/unidade de serviço (R$)
A120: 1 | B120: Transporte (6) | H120: =I120/$I$132 -> 0 | I120: 0
A121: 2 | B121: Uniformes/EPI (6a) | H121: =I121/$I$132 -> 0 | I121: 0
A122: 3 | B122: Seguro de vida | H122: =I122/$I$132 -> 0 | I122: 0
A123: 4 | B123: Materiais/Equipamentos (7) | H123: =I123/$I$132 -> 0 | I123: =IF(F130=20%,G130,0) -> 0
A124: 5 | B124: Depreciação de equipamentos (8) | H124: =I124/$I$132 -> 0 | I124: 0
A125: 6 | B125: Mobilização (8) | H125: =I125/$I$132 -> 0 | I125: 0
...

Sheet Recepcionista
A1: PLANILHA DE CUSTOS E FORMAÇÃO DE PREÇOS DE SERVIÇOS CONTINUADOS COM DEDICAÇÃO EXCLUSIVA DE MÃO DE OBRA (ANEXO III - DECRETO 52.768 de 15.12.2015)
A2: PROCESSO: | C2: 24/4501-0000254-7 | E2: REGIME DE TRIBUTAÇÃO: LUCRO REAL
A3: LICITAÇÃO/EDITAL | E3: ABERTURA:
A5: Cargo/Função: | D5: Recepcionista | G5: =IF(D6="12x36","Regime de trabalho:","Quantidade de HORAS/MÊS") -> Quantidade de HORAS/MÊS | I5: =IF(D6="12x36",D6,5*D6) -> 200
A6: =IF(D6="12x36","Regime de trabalho:","Regime de trabalho (horas semanais):") -> Regime de trabalho (horas semanais): | D6: 40
A7: Convenção Coletiva de Trabalho: | D7: CCT RS000041/2026 | G7: INSALUBRIDADE (10%, 20%, 40%) | I7: Não aplicável
A8: Origem do salário: | D8: CCT RS000041/2026
A9: Cidade: | D9: Porto Alegre | G9: PERICULOSIDADE (30%) | I9: Não aplicável
A10: Salário Normativo | G10: Vlr. do salário e nº de horas correspondentes | H10: 220 | I10: 1996.44
A11: ISS | G11: =D9 -> Porto Alegre | H11: Alíquota | I11: 0.05
A12: Tarifa Transporte | G12: CCT | H12: Vr. Unitário | I12: 5.3
H13: Dias | I13: 22
H14: Desconto | I14: 0.06
A15: Auxílio Alimentação | G15: CCT | H15: Vr. Unitário | I15: 27.15
H16: Dias | I16: 22
H17: Desconto | I17: 0.19
A18: Auxílio Lanche | G18: CCT | H18: Vr. Unitário | I18: 0
H19: Dias | I19: 0
H20: Desconto | I20: 0
A21: PLANO DE BENEFÍCIO SOCIAL FAMILIAR (Cláusla 31ª) | G21: CCT | H21: Valor mensal | I21: 25.52
A23: Prêmio Assiduidade (Cláusual 19ª) | G23: CCT | H23: Valor mensal | I23: 80
A25: Adicional de Supervisor (37%) | H25: Porcentagem | I25: Não aplicável
A26: Base de cálculo da insalubridade | H26: Valor | I26: Não aplicável
A27: Quantitativo de horas trabalhadas em feriados no mês (estimado) - Não aplicável para postos 12x36 | H27: Horas por mês | I27: 8
H28: Acréscimo da hora extra | I28: 1
A29: Hora Intervalar (somente para postos 12x36, quando for o caso) | H29: Horas por mês | I29: Não aplicável
A30: Sem fornecimento de materiais ou apenas fornecimento de EPIs ou uniformes, utilizar 10%. Com fornecimento de materiais ou equipamentos, utilizar 20%. (Decreto 52.768/2015, alterado pelo Decreto 53.424/2017) | H30: Porcentagem | I30: 0.1
I31: Não aplicável
A37: MONTANTE A
A38: I | B38: Remuneração - Grupo I | H38: % | I38: Valor Mensal/unidade de serviço (R$)
A39: 1 | B39: Salário | H39: =I39/$I$47 -> 0.91059603 | I39: =IF(D6="12x36",I10,I10/H10*I5) -> 1814.9455
A40: =A39+1 -> 2 | B40: Adicional Periculosidade 30% (Ver súmulas 364, 132 e 191 do TST) | H40: =I40/$I$47 -> 0 | I40: =IF(I9=30%,I39*I9,0) -> 0
A41: =A40+1 -> 3 | B41: Adicional Insalubridade 10% (Ver súmula 228 e 139 TST) | H41: =I41/$I$47 -> 0 | I41: =IF(I7=10%,I26*I7,0) -> 0
A42: =A41+1 -> 4 | B42: Adicional Insalubridade 20% (Ver súmula 228 e 139 TST) | H42: =I42/$I$47 -> 0 | I42: =IF(I7=20%,I26*I7,0) -> 0
A43: =A42+1 -> 5 | B43: Adicional Insalubridade 40% (Ver súmula 228 e 139 TST) | H43: =I43/$I$47 -> 0 | I43: =IF(I7=40%,I26*I7,0) -> 0
A44: =A43+1 -> 6 | B44: Adicional de Supervisor (IN 05/2017 MPOG SLTI) | H44: =I44/$I$47 -> 0 | I44: =IF(I25="Não aplicável",0,I39*I25) -> 0
A45: =A44+1 -> 7 | B45: Feriados | H45: =I45/$I$47 -> 0.072847682 | I45: =IF(I27="Não aplicável",0,(I39+I40+I41+I42+I43+I44)/I5*I27*(1+I28)) -> 145.19564
A46: =A45+1 -> 8 | B46: DSR = número total das horas extras do mês / número de dias úteis X domingos e feriados do mês X valor da hora extra com acréscimo | H46: =I46/$I$47 -> 0.016556291 | I46: =IF(I27="Não aplicável",0,I27/I13*5*(I10/H10*(1+I28))) -> 32.999008
A47: Total de Remuneração | H47: =SUM(H39:H46) -> 1 | I47: =SUM(I39:I46) -> 1993.1401
A58: II | B58: Encargos Sociais - Grupo II: Obrigações Sociais | H58: % | I58: Valor Mensal/unidade de serviço (R$)
A59: 1 | B59: INSS (art. 22, inc. I, Lei nº 8.212/91) | H59: 0.2 | I59: =$I$47*H59 -> 398.62802
A60: 2 | B60: SESI ou SESC (art. 30, Lei nº 8.036/90) | H60: 0.015 | I60: =$I$47*H60 -> 29.897101
A61: 3 | B61: SENAI ou SENAC (Decreto-Lei nº 2.318/86) | H61: 0.01 | I61: =$I$47*H61 -> 19.931401
A62: 4 | B62: INCRA (art. 15I, Lei Complementar nº 011/71) | H62: 0.002 | I62: =$I$47*H62 -> 3.9862802
A63: 5 | B63: SALÁRIO EDUCAÇÃO (art. , inc. I, Decreto nº 87.043/82) | H63: 0.025 | I63: =$I$47*H63 -> 49.828502
A64: 6 | B64: FGTS (art. 15, Lei nº 8.036/90) | H64: 0.08 | I64: =$I$47*H64 -> 159.45121
A65: 7 | B65: SEG. ACIDENTE DO TRABALHO 1%, 2% e 3% (art. 22, inc. II, alíneas "b" e "c", da Lei nº 8.212/91) | H65: 0.03 | I65: =$I$47*H65 -> 59.794203
A66: 8 | B66: SEBRAE (§ 3º, art. 8º, Lei nº 8.029/90) | H66: 0.006 | I66: =$I$47*H66 -> 11.958841
A67: Total do Grupo II | H67: =SUM(H59:H66) -> 0.368 | I67: =SUM(I59:I66) -> 733.47556
A68: Os percentuais para o SAT podem variar de 0,50% a 6,00% em função do Fator de Acidente Previdenciário (FAP), Decreto nº 6.957/2009
A69: Deverá obrigatoriamente acompanhar a proposta de preços e a planilha de custos e formação de preços a prova do Fator Acidentário de Prevenção – FAP por meio de impressão de consulta ao site do Ministério da Previdência Social (que pode ser obtido no endereço eletrônico http://www2.dataprev.gov.br/fap/fap.htm), independentemente de alteração da alíquota da parcela do Seguro Acidente de Trabalho disposta no Quadro II da referida planilha.
A70: III | B70: Encargos Sociais - Grupo III: Tempo Não Trabalhado | H70: % | I70: Valor Mensal/unidade de serviço (R$)
A71: 1 | B71: FÉRIAS GOZADAS + ADICIONAL DE FÉRIAS | H71: 0.119314 | I71: =$I$47*H71 -> 237.80952
A72: 2 | B72: FALTAS ABONADAS (3) | H72: 0.020479 | I72: =$I$47*H72 -> 40.817516
A73: 3 | B73: FALTAS LEGAIS (4) | H73: 0.012123 | I73: =$I$47*H73 -> 24.162837
A74: 4 | B74: LICENÇA MATERNIDADE | H74: 0.011436 | I74: =$I$47*H74 -> 22.79355
A75: 5 | B75: LICENÇA PATERNIDADE | H75: 0.000174 | I75: =$I$47*H75 -> 0.34680638
A76: 6 | B76: ACIDENTE DE TRABALHO | H76: 0.000442 | I76: =$I$47*H76 -> 0.88096792
A77: 7 | B77: AVISO PRÉVIO TRABALHADO | H77: 0.000185 | I77: =$I$47*H77 -> 0.36873092
A78: 8 | B78: 13º SALÁRIO | H78: 0.09079 | I78: =$I$47*H78 -> 180.95719
A79: Total do Grupo III | H79: =SUM(H71:H78) -> 0.254943 | I79: =SUM(I71:I78) -> 508.13712
A80: (3) | B80: Faltas Justificadas por Auxílio Doença
A81: (4) | B81: Faltas Legais - Art. 473 CLT
A82: IV | B82: Encargos Sociais - Grupo IV: Indenizações | H82: % | I82: Valor Mensal/unidade de serviço (R$)
A83: 1 | B83: INDENIZAÇÕES | H83: 0.048321 | I83: =$I$47*H83 -> 96.310523
A84: 2 | B84: FGTS SOBRE INDENIZAÇÕES | H84: 0.003511 | I84: =$I$47*H84 -> 6.9979149
A85: 3 | B85: INDENIZAÇÃO COMPENSATÓRIA POR DEMISSÃO SEM JUSTA CAUSA | H85: 0.019328 | I85: =$I$47*H85 -> 38.523412
A86: Total do Grupo IV | H86: =SUM(H83:H85) -> 0.07116 | I86: =SUM(I83:I85) -> 141.83185
A88: V | B88: Encargos Sociais - Grupo V: Incidências | H88: % | I88: Valor Mensal/unidade de serviço (R$)
A89: 1 | B89: INCIDÊNCIA GRUPO II (Obrigações Sociais) X GRUPO III (Tempo Não Trabalhado) | H89: =(H67*H79) -> 0.093819024 | I89: =$I$47*H89 -> 186.99446
A90: Total do Grupo V | H90: =SUM(H89:H89) -> 0.093819024 | I90: =I89 -> 186.99446
A92: TOTAL DOS ENCARGOS SOCIAIS (II + III + IV + V) | H92: =H67+H79+H86+H90 -> 0.78792202 | I92: =I67+I79+I86+I90 -> 1570.439
A94: VI | B94: Demais custos relativos à Norma Coletiva ou Disposições Legais - Grupo VI | H94: % | I94: Valor Mensal/unidade de serviço (R$)
A95: 1 | B95: Auxílio Alimentação | H95: =I95/$I$47 -> 0.24273908 | I95: =I114 -> 483.813
A96: =A95+1 -> 2 | B96: Auxílio Lanche | H96: =I96/$I$47 -> 0 | I96: =I110 -> 0
A97: =A96+1 -> 3 | B97: Plano de Saúde | H97: =I97/$I$47 -> 0 | I97: 0
A98: =A97+1 -> 4 | B98: Vale-Transporte⁽⁵⁾ | H98: =I98/$I$47 -> 0.062365547 | I98: =I106 -> 124.30327
A99: =A98+1 -> 5 | B99: Adicional Intervalar | H99: =I99/$I$47 -> 0 | I99: =IF(I29="Não aplicável",0,((I10/H10)*1.5*I29)) -> 0
A100: 6 | B100: Plano de Benefício Social Familiar | H100: =I100/$I$47 -> 0.012803917 | I100: =I21 -> 25.52
A101: 7 | B101: Prêmio Assiduidade | H101: =I101/$I$47 -> 0.04013767 | I101: =I23 -> 80
A102: Total do Grupo VI | H102: =SUM(H95:H101) -> 0.35804622 | I102: =SUM(I95:I101) -> 713.63627
A103: (5) | B103: O valor do vale-transporte pode variar de acordo com o modal fornecido pelo empregador.
A104: MEMÓRIA DE CÁLCULO DO VALE TRANSPORTE
A105: Valor Unitário | C105: Dias de Trabalho | D105: Vale p/dia | E105: Custo total | F105: Base de cálculo | G105: Percentual de desconto | H105: Valor desconto | I105: Custo efetivo
A106: =IF(I12="Não aplicável",0,I12) -> 5.3 | C106: =IF(I13="Não aplicável",0,I13) -> 22 | D106: 2 | E106: =A106*C106*D106 -> 233.2 | F106: =I39 -> 1814.9455 | G106: =IF(I14="Não aplicável",0,I14) -> 0.06 | H106: =F106*G106 -> 108.89673 | I106: =IF((E106-H106)>0,E106-H106,0) -> 124.30327
A108: MEMÓRIA DE CÁLCULO DO VALE LANCHE
A109: Valor Unitário | C109: Dias por mês | D109: Vale p/dia | E109: Custo total | F109: Base de cálculo | G109: Percentual de desconto | H109: Valor desconto | I109: Custo efetivo
A110: =IF(I18="Não aplicável",0,I18) -> 0 | C110: =IF(I19="Não aplicável",0,I19) -> 0 | D110: 1 | E110: =A110*C110*D110 -> 0 | F110: =E110 -> 0 | G110: =IF(I20="Não aplicável",0,I20) -> 0 | H110: =F110*G110 -> 0 | I110: =E110-H110 -> 0
A112: MEMÓRIA DE CÁLCULO DO | F112: =A15 -> Auxílio Alimentação
A113: Valor Unitário | C113: Dias por mês | D113: Vale p/dia | E113: Custo total | F113: Base de cálculo | G113: Percentual de desconto | H113: =H105 -> Valor desconto | I113: Custo efetivo
A114: =IF(I15="Não aplicável",0,I15) -> 27.15 | C114: =IF(I16="Não aplicável",0,I16) -> 22 | D114: 1 | E114: =A114*C114*D114 -> 597.3 | F114: =E114 -> 597.3 | G114: =IF(I17="Não aplicável",0,I17) -> 0.19 | H114: =F114*G114 -> 113.487 | I114: =E114-H114 -> 483.813
A116: TOTAL DO MONTANTE A (I + II + III+ IV + V +VI) | H116: =H47+H92+H102 -> 2.1459682 | I116: =I47+I92+I102 -> 4277.2154
A118: MONTANTE B
A119: I | B119: Despesas Diretas | H119: % | I119: Valor Mensal/unidade de serviço (R$)
A120: 1 | B120: Transporte (6) | H120: =I120/$I$132 -> 0 | I120: 0
A121: 2 | B121: Uniformes/EPI (6a) | H121: =I121/$I$132 -> 0 | I121: 0
A122: 3 | B122: Seguro de vida | H122: =I122/$I$132 -> 0 | I122: 0
A123: 4 | B123: Materiais/Equipamentos (7) | H123: =I123/$I$132 -> 0 | I123: =IF(F130=20%,G130,0) -> 0
A124: 5 | B124: Depreciação de equipamentos (8) | H124: =I124/$I$132 -> 0 | I124: 0
A125: 6 | B125: Mobilização (8) | H125: =I125/$I$132 -> 0 | I125: 0
...

Sheet Auxiliar de Limpeza
A1: PLANILHA DE CUSTOS E FORMAÇÃO DE PREÇOS DE SERVIÇOS CONTINUADOS COM DEDICAÇÃO EXCLUSIVA DE MÃO DE OBRA (ANEXO III - DECRETO 52.768 de 15.12.2015)
A2: PROCESSO: | C2: 24/4501-0000254-7 | E2: REGIME DE TRIBUTAÇÃO: LUCRO REAL
A3: LICITAÇÃO/EDITAL | E3: ABERTURA:
A5: Cargo/Função: | D5: Auxiliar de Limpeza | G5: =IF(D6="12x36","Regime de trabalho:","Quantidade de HORAS/MÊS") -> Quantidade de HORAS/MÊS | I5: =IF(D6="12x36",D6,5*D6) -> 200
A6: =IF(D6="12x36","Regime de trabalho:","Regime de trabalho (horas semanais):") -> Regime de trabalho (horas semanais): | D6: 40
A7: Convenção Coletiva de Trabalho: | D7: CCT RS000041/2026 | G7: INSALUBRIDADE (10%, 20%, 40%) | I7: 0.4
A8: Origem do salário: | D8: CCT RS000041/2026
A9: Cidade: | D9: Porto Alegre | G9: PERICULOSIDADE (30%) | I9: Não aplicável
A10: Salário Normativo | G10: Vlr. do salário e nº de horas correspondentes | H10: 220 | I10: 1765.86
A11: ISS | G11: =D9 -> Porto Alegre | H11: Alíquota | I11: 0.05
A12: Tarifa Transporte | G12: CCT | H12: Vr. Unitário | I12: 5.3
H13: Dias | I13: 22
H14: Desconto | I14: 0.06
A15: Auxílio Alimentação | G15: CCT | H15: Vr. Unitário | I15: 27.15
H16: Dias | I16: 22
H17: Desconto | I17: 0.19
A18: Auxílio Lanche | G18: CCT | H18: Vr. Unitário | I18: 0
H19: Dias | I19: 0
H20: Desconto | I20: 0
A21: PLANO DE BENEFÍCIO SOCIAL FAMILIAR (Cláusla 31ª) | G21: CCT | H21: Valor mensal | I21: 25.52
A23: Prêmio Assiduidade (Cláusual 19ª) | G23: CCT | H23: Valor mensal | I23: 80
A25: Adicional de Supervisor (37%) | H25: Porcentagem | I25: Não aplicável
A26: Base de cálculo da insalubridade | H26: Valor | I26: 1605.33
A27: Quantitativo de horas trabalhadas em feriados no mês (estimado) - Não aplicável para postos 12x36 | H27: Horas por mês | I27: 8
H28: Acréscimo da hora extra | I28: 1
A29: Hora Intervalar (somente para postos 12x36, quando for o caso) | H29: Horas por mês | I29: Não aplicável
A30: Sem fornecimento de materiais ou apenas fornecimento de EPIs ou uniformes, utilizar 10%. Com fornecimento de materiais ou equipamentos, utilizar 20%. (Decreto 52.768/2015, alterado pelo Decreto 53.424/2017) | H30: Porcentagem | I30: 0.2
I31: Não aplicável
A37: MONTANTE A
A38: I | B38: Remuneração - Grupo I | H38: % | I38: Valor Mensal/unidade de serviço (R$)
A39: 1 | B39: Salário | H39: =I39/$I$47 -> 0.6535168 | I39: =IF(D6="12x36",I10,I10/H10*I5) -> 1605.3273
A40: =A39+1 -> 2 | B40: Adicional Periculosidade 30% (Ver súmulas 364, 132 e 191 do TST) | H40: =I40/$I$47 -> 0 | I40: =IF(I9=30%,I39*I9,0) -> 0
A41: =A40+1 -> 3 | B41: Adicional Insalubridade 10% (Ver súmula 228 e 139 TST) | H41: =I41/$I$47 -> 0 | I41: =IF(I7=10%,I26*I7,0) -> 0
A42: =A41+1 -> 4 | B42: Adicional Insalubridade 20% (Ver súmula 228 e 139 TST) | H42: =I42/$I$47 -> 0 | I42: =IF(I7=20%,I26*I7,0) -> 0
A43: =A42+1 -> 5 | B43: Adicional Insalubridade 40% (Ver súmula 228 e 139 TST) | H43: =I43/$I$47 -> 0.26140716 | I43: =IF(I7=40%,I26*I7,0) -> 642.132
A44: =A43+1 -> 6 | B44: Adicional de Supervisor (IN 05/2017 MPOG SLTI) | H44: =I44/$I$47 -> 0 | I44: =IF(I25="Não aplicável",0,I39*I25) -> 0
A45: =A44+1 -> 7 | B45: Feriados | H45: =I45/$I$47 -> 0.073193917 | I45: =IF(I27="Não aplicável",0,(I39+I40+I41+I42+I43+I44)/I5*I27*(1+I28)) -> 179.79674
A46: =A45+1 -> 8 | B46: DSR = número total das horas extras do mês / número de dias úteis X domingos e feriados do mês X valor da hora extra com acréscimo | H46: =I46/$I$47 -> 0.011882124 | I46: =IF(I27="Não aplicável",0,I27/I13*5*(I10/H10*(1+I28))) -> 29.187769
A47: Total de Remuneração | H47: =SUM(H39:H46) -> 1 | I47: =SUM(I39:I46) -> 2456.4438
A58: II | B58: Encargos Sociais - Grupo II: Obrigações Sociais | H58: % | I58: Valor Mensal/unidade de serviço (R$)
A59: 1 | B59: INSS (art. 22, inc. I, Lei nº 8.212/91) | H59: 0.2 | I59: =$I$47*H59 -> 491.28876
A60: 2 | B60: SESI ou SESC (art. 30, Lei nº 8.036/90) | H60: 0.015 | I60: =$I$47*H60 -> 36.846657
A61: 3 | B61: SENAI ou SENAC (Decreto-Lei nº 2.318/86) | H61: 0.01 | I61: =$I$47*H61 -> 24.564438
A62: 4 | B62: INCRA (art. 15I, Lei Complementar nº 011/71) | H62: 0.002 | I62: =$I$47*H62 -> 4.9128876
A63: 5 | B63: SALÁRIO EDUCAÇÃO (art. , inc. I, Decreto nº 87.043/82) | H63: 0.025 | I63: =$I$47*H63 -> 61.411095
A64: 6 | B64: FGTS (art. 15, Lei nº 8.036/90) | H64: 0.08 | I64: =$I$47*H64 -> 196.5155
A65: 7 | B65: SEG. ACIDENTE DO TRABALHO 1%, 2% e 3% (art. 22, inc. II, alíneas "b" e "c", da Lei nº 8.212/91) | H65: 0.03 | I65: =$I$47*H65 -> 73.693313
A66: 8 | B66: SEBRAE (§ 3º, art. 8º, Lei nº 8.029/90) | H66: 0.006 | I66: =$I$47*H66 -> 14.738663
A67: Total do Grupo II | H67: =SUM(H59:H66) -> 0.368 | I67: =SUM(I59:I66) -> 903.97131
A68: Os percentuais para o SAT podem variar de 0,50% a 6,00% em função do Fator de Acidente Previdenciário (FAP), Decreto nº 6.957/2009
A69: Deverá obrigatoriamente acompanhar a proposta de preços e a planilha de custos e formação de preços a prova do Fator Acidentário de Prevenção – FAP por meio de impressão de consulta ao site do Ministério da Previdência Social (que pode ser obtido no endereço eletrônico http://www2.dataprev.gov.br/fap/fap.htm), independentemente de alteração da alíquota da parcela do Seguro Acidente de Trabalho disposta no Quadro II da referida planilha.
A70: III | B70: Encargos Sociais - Grupo III: Tempo Não Trabalhado | H70: % | I70: Valor Mensal/unidade de serviço (R$)
A71: 1 | B71: FÉRIAS GOZADAS + ADICIONAL DE FÉRIAS | H71: 0.119314 | I71: =$I$47*H71 -> 293.08813
A72: 2 | B72: FALTAS ABONADAS (3) | H72: 0.020479 | I72: =$I$47*H72 -> 50.305512
A73: 3 | B73: FALTAS LEGAIS (4) | H73: 0.012123 | I73: =$I$47*H73 -> 29.779468
A74: 4 | B74: LICENÇA MATERNIDADE | H74: 0.011436 | I74: =$I$47*H74 -> 28.091891
A75: 5 | B75: LICENÇA PATERNIDADE | H75: 0.000174 | I75: =$I$47*H75 -> 0.42742122
A76: 6 | B76: ACIDENTE DE TRABALHO | H76: 0.000442 | I76: =$I$47*H76 -> 1.0857482
A77: 7 | B77: AVISO PRÉVIO TRABALHADO | H77: 0.000185 | I77: =$I$47*H77 -> 0.4544421
A78: 8 | B78: 13º SALÁRIO | H78: 0.09079 | I78: =$I$47*H78 -> 223.02053
A79: Total do Grupo III | H79: =SUM(H71:H78) -> 0.254943 | I79: =SUM(I71:I78) -> 626.25315
A80: (3) | B80: Faltas Justificadas por Auxílio Doença
A81: (4) | B81: Faltas Legais - Art. 473 CLT
A82: IV | B82: Encargos Sociais - Grupo IV: Indenizações | H82: % | I82: Valor Mensal/unidade de serviço (R$)
A83: 1 | B83: INDENIZAÇÕES | H83: 0.048321 | I83: =$I$47*H83 -> 118.69782
A84: 2 | B84: FGTS SOBRE INDENIZAÇÕES | H84: 0.003511 | I84: =$I$47*H84 -> 8.6245741
A85: 3 | B85: INDENIZAÇÃO COMPENSATÓRIA POR DEMISSÃO SEM JUSTA CAUSA | H85: 0.019328 | I85: =$I$47*H85 -> 47.478145
A86: Total do Grupo IV | H86: =SUM(H83:H85) -> 0.07116 | I86: =SUM(I83:I85) -> 174.80054
A88: V | B88: Encargos Sociais - Grupo V: Incidências | H88: % | I88: Valor Mensal/unidade de serviço (R$)
A89: 1 | B89: INCIDÊNCIA GRUPO II (Obrigações Sociais) X GRUPO III (Tempo Não Trabalhado) | H89: =(H67*H79) -> 0.093819024 | I89: =$I$47*H89 -> 230.46116
A90: Total do Grupo V | H90: =SUM(H89:H89) -> 0.093819024 | I90: =I89 -> 230.46116
A92: TOTAL DOS ENCARGOS SOCIAIS (II + III + IV + V) | H92: =H67+H79+H86+H90 -> 0.78792202 | I92: =I67+I79+I86+I90 -> 1935.4862
A94: VI | B94: Demais custos relativos à Norma Coletiva ou Disposições Legais - Grupo VI | H94: % | I94: Valor Mensal/unidade de serviço (R$)
A95: 1 | B95: Auxílio Alimentação | H95: =I95/$I$47 -> 0.19695668 | I95: =I114 -> 483.813
A96: =A95+1 -> 2 | B96: Auxílio Lanche | H96: =I96/$I$47 -> 0 | I96: =I110 -> 0
A97: =A96+1 -> 3 | B97: Plano de Saúde | H97: =I97/$I$47 -> 0 | I97: 0
A98: =A97+1 -> 4 | B98: Vale-Transporte⁽⁵⁾ | H98: =I98/$I$47 -> 0.055722978 | I98: =I106 -> 136.88036
A99: =A98+1 -> 5 | B99: Adicional Intervalar | H99: =I99/$I$47 -> 0 | I99: =IF(I29="Não aplicável",0,((I10/H10)*1.5*I29)) -> 0
A100: 6 | B100: Plano de Benefício Social Familiar | H100: =I100/$I$47 -> 0.010389002 | I100: =I21 -> 25.52
A101: 7 | B101: Prêmio Assiduidade | H101: =I101/$I$47 -> 0.032567405 | I101: =I23 -> 80
A102: Total do Grupo VI | H102: =SUM(H95:H101) -> 0.29563606 | I102: =SUM(I95:I101) -> 726.21336
A103: (5) | B103: O valor do vale-transporte pode variar de acordo com o modal fornecido pelo empregador.
A104: MEMÓRIA DE CÁLCULO DO VALE TRANSPORTE
A105: Valor Unitário | C105: Dias de Trabalho | D105: Vale p/dia | E105: Custo total | F105: Base de cálculo | G105: Percentual de desconto | H105: Valor desconto | I105: Custo efetivo
A106: =IF(I12="Não aplicável",0,I12) -> 5.3 | C106: =IF(I13="Não aplicável",0,I13) -> 22 | D106: 2 | E106: =A106*C106*D106 -> 233.2 | F106: =I39 -> 1605.3273 | G106: =IF(I14="Não aplicável",0,I14) -> 0.06 | H106: =F106*G106 -> 96.319636 | I106: =IF((E106-H106)>0,E106-H106,0) -> 136.88036
A108: MEMÓRIA DE CÁLCULO DO VALE LANCHE
A109: Valor Unitário | C109: Dias por mês | D109: Vale p/dia | E109: Custo total | F109: Base de cálculo | G109: Percentual de desconto | H109: Valor desconto | I109: Custo efetivo
A110: =IF(I18="Não aplicável",0,I18) -> 0 | C110: =IF(I19="Não aplicável",0,I19) -> 0 | D110: 1 | E110: =A110*C110*D110 -> 0 | F110: =E110 -> 0 | G110: =IF(I20="Não aplicável",0,I20) -> 0 | H110: =F110*G110 -> 0 | I110: =E110-H110 -> 0
A112: MEMÓRIA DE CÁLCULO DO | F112: =A15 -> Auxílio Alimentação
A113: Valor Unitário | C113: Dias por mês | D113: Vale p/dia | E113: Custo total | F113: Base de cálculo | G113: Percentual de desconto | H113: =H105 -> Valor desconto | I113: Custo efetivo
A114: =IF(I15="Não aplicável",0,I15) -> 27.15 | C114: =IF(I16="Não aplicável",0,I16) -> 22 | D114: 1 | E114: =A114*C114*D114 -> 597.3 | F114: =E114 -> 597.3 | G114: =IF(I17="Não aplicável",0,I17) -> 0.19 | H114: =F114*G114 -> 113.487 | I114: =E114-H114 -> 483.813
A116: TOTAL DO MONTANTE A (I + II + III+ IV + V +VI) | H116: =H47+H92+H102 -> 2.0835581 | I116: =I47+I92+I102 -> 5118.1433
A118: MONTANTE B
A119: I | B119: Despesas Diretas | H119: % | I119: Valor Mensal/unidade de serviço (R$)
A120: 1 | B120: Transporte (6) | H120: =I120/$I$132 -> 0 | I120: 0
A121: 2 | B121: Uniformes/EPI (6a) | H121: =I121/$I$132 -> 0 | I121: =IF(F130=10%,G130,0) -> 0
A122: 3 | B122: Seguro de vida | H122: =I122/$I$132 -> 0 | I122: 0
A123: 4 | B123: Materiais/Equipamentos (7) | H123: =I123/$I$132 -> 0 | I123: 0
A124: 5 | B124: Depreciação de equipamentos (8) | H124: =I124/$I$132 -> 0 | I124: 0
A125: 6 | B125: Mobilização (8) | H125: =I125/$I$132 -> 0 | I125: 0
...

Sheet Auxiliar de Serv Adm Canoas
A1: PLANILHA DE CUSTOS E FORMAÇÃO DE PREÇOS DE SERVIÇOS CONTINUADOS COM DEDICAÇÃO EXCLUSIVA DE MÃO DE OBRA (ANEXO III - DECRETO 52.768 de 15.12.2015)
A2: PROCESSO: | C2: 24/4501-0000254-7 | E2: REGIME DE TRIBUTAÇÃO: LUCRO REAL
A3: LICITAÇÃO/EDITAL | E3: ABERTURA:
A5: Cargo/Função: | D5: Auxiliar de Serviços Administrativos Canoas | G5: =IF(D6="12x36","Regime de trabalho:","Quantidade de HORAS/MÊS") -> Quantidade de HORAS/MÊS | I5: =IF(D6="12x36",D6,5*D6) -> 200
A6: =IF(D6="12x36","Regime de trabalho:","Regime de trabalho (horas semanais):") -> Regime de trabalho (horas semanais): | D6: 40
A7: Convenção Coletiva de Trabalho: | D7: CCT RS000041/2026 | G7: INSALUBRIDADE (10%, 20%, 40%) | I7: Não aplicável
A8: Origem do salário: | D8: CCT RS000041/2026
A9: Cidade: | D9: Canoas | G9: PERICULOSIDADE (30%) | I9: Não aplicável
A10: Salário Normativo | G10: Vlr. do salário e nº de horas correspondentes | H10: 220 | I10: 2307.83
A11: ISS | G11: =D9 -> Canoas | H11: Alíquota | I11: 0.03
A12: Tarifa Transporte | G12: CCT | H12: Vr. Unitário | I12: 4.8
H13: Dias | I13: 22
H14: Desconto | I14: 0.06
A15: Auxílio Alimentação | G15: CCT | H15: Vr. Unitário | I15: 27.15
H16: Dias | I16: 22
H17: Desconto | I17: 0.19
A18: Auxílio Lanche | G18: CCT | H18: Vr. Unitário | I18: 0
H19: Dias | I19: 0
H20: Desconto | I20: 0
A21: PLANO DE BENEFÍCIO SOCIAL FAMILIAR (Cláusla 31ª) | G21: CCT | H21: Valor mensal | I21: 25.52
A23: Prêmio Assiduidade (Cláusual 19ª) | G23: CCT | H23: Valor mensal | I23: 80
A25: Adicional de Supervisor (37%) | H25: Porcentagem | I25: Não aplicável
A26: Base de cálculo da insalubridade | H26: Valor | I26: Não aplicável
A27: Quantitativo de horas trabalhadas em feriados no mês (estimado) - Não aplicável para postos 12x36 | H27: Horas por mês | I27: 8
H28: Acréscimo da hora extra | I28: 1
A29: Hora Intervalar (somente para postos 12x36, quando for o caso) | H29: Horas por mês | I29: Não aplicável
A30: Sem fornecimento de materiais ou apenas fornecimento de EPIs ou uniformes, utilizar 10%. Com fornecimento de materiais ou equipamentos, utilizar 20%. (Decreto 52.768/2015, alterado pelo Decreto 53.424/2017) | H30: Porcentagem | I30: 0.1
I31: Não aplicável
A37: MONTANTE A
A38: I | B38: Remuneração - Grupo I | H38: % | I38: Valor Mensal/unidade de serviço (R$)
A39: 1 | B39: Salário | H39: =I39/$I$47 -> 0.91059603 | I39: =IF(D6="12x36",I10,I10/H10*I5) -> 2098.0273
A40: =A39+1 -> 2 | B40: Adicional Periculosidade 30% (Ver súmulas 364, 132 e 191 do TST) | H40: =I40/$I$47 -> 0 | I40: =IF(I9=30%,I39*I9,0) -> 0
A41: =A40+1 -> 3 | B41: Adicional Insalubridade 10% (Ver súmula 228 e 139 TST) | H41: =I41/$I$47 -> 0 | I41: =IF(I7=10%,I26*I7,0) -> 0
A42: =A41+1 -> 4 | B42: Adicional Insalubridade 20% (Ver súmula 228 e 139 TST) | H42: =I42/$I$47 -> 0 | I42: =IF(I7=20%,I26*I7,0) -> 0
A43: =A42+1 -> 5 | B43: Adicional Insalubridade 40% (Ver súmula 228 e 139 TST) | H43: =I43/$I$47 -> 0 | I43: =IF(I7=40%,I26*I7,0) -> 0
A44: =A43+1 -> 6 | B44: Adicional de Supervisor (IN 05/2017 MPOG SLTI) | H44: =I44/$I$47 -> 0 | I44: =IF(I25="Não aplicável",0,I39*I25) -> 0
A45: =A44+1 -> 7 | B45: Feriados | H45: =I45/$I$47 -> 0.072847682 | I45: =IF(I27="Não aplicável",0,(I39+I40+I41+I42+I43+I44)/I5*I27*(1+I28)) -> 167.84218
A46: =A45+1 -> 8 | B46: DSR = número total das horas extras do mês / número de dias úteis X domingos e feriados do mês X valor da hora extra com acréscimo | H46: =I46/$I$47 -> 0.016556291 | I46: =IF(I27="Não aplicável",0,I27/I13*5*(I10/H10*(1+I28))) -> 38.14595
A47: Total de Remuneração | H47: =SUM(H39:H46) -> 1 | I47: =SUM(I39:I46) -> 2304.0154
A58: II | B58: Encargos Sociais - Grupo II: Obrigações Sociais | H58: % | I58: Valor Mensal/unidade de serviço (R$)
A59: 1 | B59: INSS (art. 22, inc. I, Lei nº 8.212/91) | H59: 0.2 | I59: =$I$47*H59 -> 460.80308
A60: 2 | B60: SESI ou SESC (art. 30, Lei nº 8.036/90) | H60: 0.015 | I60: =$I$47*H60 -> 34.560231
A61: 3 | B61: SENAI ou SENAC (Decreto-Lei nº 2.318/86) | H61: 0.01 | I61: =$I$47*H61 -> 23.040154
A62: 4 | B62: INCRA (art. 15I, Lei Complementar nº 011/71) | H62: 0.002 | I62: =$I$47*H62 -> 4.6080308
A63: 5 | B63: SALÁRIO EDUCAÇÃO (art. , inc. I, Decreto nº 87.043/82) | H63: 0.025 | I63: =$I$47*H63 -> 57.600385
A64: 6 | B64: FGTS (art. 15, Lei nº 8.036/90) | H64: 0.08 | I64: =$I$47*H64 -> 184.32123
A65: 7 | B65: SEG. ACIDENTE DO TRABALHO 1%, 2% e 3% (art. 22, inc. II, alíneas "b" e "c", da Lei nº 8.212/91) | H65: 0.03 | I65: =$I$47*H65 -> 69.120462
A66: 8 | B66: SEBRAE (§ 3º, art. 8º, Lei nº 8.029/90) | H66: 0.006 | I66: =$I$47*H66 -> 13.824092
A67: Total do Grupo II | H67: =SUM(H59:H66) -> 0.368 | I67: =SUM(I59:I66) -> 847.87767
A68: Os percentuais para o SAT podem variar de 0,50% a 6,00% em função do Fator de Acidente Previdenciário (FAP), Decreto nº 6.957/2009
A69: Deverá obrigatoriamente acompanhar a proposta de preços e a planilha de custos e formação de preços a prova do Fator Acidentário de Prevenção – FAP por meio de impressão de consulta ao site do Ministério da Previdência Social (que pode ser obtido no endereço eletrônico http://www2.dataprev.gov.br/fap/fap.htm), independentemente de alteração da alíquota da parcela do Seguro Acidente de Trabalho disposta no Quadro II da referida planilha.
A70: III | B70: Encargos Sociais - Grupo III: Tempo Não Trabalhado | H70: % | I70: Valor Mensal/unidade de serviço (R$)
A71: 1 | B71: FÉRIAS GOZADAS + ADICIONAL DE FÉRIAS | H71: 0.119314 | I71: =$I$47*H71 -> 274.90129
A72: 2 | B72: FALTAS ABONADAS (3) | H72: 0.020479 | I72: =$I$47*H72 -> 47.183931
A73: 3 | B73: FALTAS LEGAIS (4) | H73: 0.012123 | I73: =$I$47*H73 -> 27.931579
A74: 4 | B74: LICENÇA MATERNIDADE | H74: 0.011436 | I74: =$I$47*H74 -> 26.34872
A75: 5 | B75: LICENÇA PATERNIDADE | H75: 0.000174 | I75: =$I$47*H75 -> 0.40089868
A76: 6 | B76: ACIDENTE DE TRABALHO | H76: 0.000442 | I76: =$I$47*H76 -> 1.0183748
A77: 7 | B77: AVISO PRÉVIO TRABALHADO | H77: 0.000185 | I77: =$I$47*H77 -> 0.42624285
A78: 8 | B78: 13º SALÁRIO | H78: 0.09079 | I78: =$I$47*H78 -> 209.18156
A79: Total do Grupo III | H79: =SUM(H71:H78) -> 0.254943 | I79: =SUM(I71:I78) -> 587.3926
A80: (3) | B80: Faltas Justificadas por Auxílio Doença
A81: (4) | B81: Faltas Legais - Art. 473 CLT
A82: IV | B82: Encargos Sociais - Grupo IV: Indenizações | H82: % | I82: Valor Mensal/unidade de serviço (R$)
A83: 1 | B83: INDENIZAÇÕES | H83: 0.048321 | I83: =$I$47*H83 -> 111.33233
A84: 2 | B84: FGTS SOBRE INDENIZAÇÕES | H84: 0.003511 | I84: =$I$47*H84 -> 8.0893981
A85: 3 | B85: INDENIZAÇÃO COMPENSATÓRIA POR DEMISSÃO SEM JUSTA CAUSA | H85: 0.019328 | I85: =$I$47*H85 -> 44.53201
A86: Total do Grupo IV | H86: =SUM(H83:H85) -> 0.07116 | I86: =SUM(I83:I85) -> 163.95374
A88: V | B88: Encargos Sociais - Grupo V: Incidências | H88: % | I88: Valor Mensal/unidade de serviço (R$)
A89: 1 | B89: INCIDÊNCIA GRUPO II (Obrigações Sociais) X GRUPO III (Tempo Não Trabalhado) | H89: =(H67*H79) -> 0.093819024 | I89: =$I$47*H89 -> 216.16048
A90: Total do Grupo V | H90: =SUM(H89:H89) -> 0.093819024 | I90: =I89 -> 216.16048
A92: TOTAL DOS ENCARGOS SOCIAIS (II + III + IV + V) | H92: =H67+H79+H86+H90 -> 0.78792202 | I92: =I67+I79+I86+I90 -> 1815.3845
A94: VI | B94: Demais custos relativos à Norma Coletiva ou Disposições Legais - Grupo VI | H94: % | I94: Valor Mensal/unidade de serviço (R$)
A95: 1 | B95: Auxílio Alimentação | H95: =I95/$I$47 -> 0.20998688 | I95: =I114 -> 483.813
A96: =A95+1 -> 2 | B96: Auxílio Lanche | H96: =I96/$I$47 -> 0 | I96: =I110 -> 0
A97: =A96+1 -> 3 | B97: Plano de Saúde | H97: =I97/$I$47 -> 0 | I97: 0
A98: =A97+1 -> 4 | B98: Vale-Transporte⁽⁵⁾ | H98: =I98/$I$47 -> 0.037030292 | I98: =I106 -> 85.318364
A99: =A98+1 -> 5 | B99: Adicional Intervalar | H99: =I99/$I$47 -> 0 | I99: =IF(I29="Não aplicável",0,((I10/H10)*1.5*I29)) -> 0
A100: 6 | B100: Plano de Benefício Social Familiar | H100: =I100/$I$47 -> 0.011076315 | I100: =I21 -> 25.52
A101: 7 | B101: Prêmio Assiduidade | H101: =I101/$I$47 -> 0.03472199 | I101: =I23 -> 80
A102: Total do Grupo VI | H102: =SUM(H95:H101) -> 0.29281547 | I102: =SUM(I95:I101) -> 674.65136
A103: (5) | B103: O valor do vale-transporte pode variar de acordo com o modal fornecido pelo empregador.
A104: MEMÓRIA DE CÁLCULO DO VALE TRANSPORTE
A105: Valor Unitário | C105: Dias de Trabalho | D105: Vale p/dia | E105: Custo total | F105: Base de cálculo | G105: Percentual de desconto | H105: Valor desconto | I105: Custo efetivo
A106: =IF(I12="Não aplicável",0,I12) -> 4.8 | C106: =IF(I13="Não aplicável",0,I13) -> 22 | D106: 2 | E106: =A106*C106*D106 -> 211.2 | F106: =I39 -> 2098.0273 | G106: =IF(I14="Não aplicável",0,I14) -> 0.06 | H106: =F106*G106 -> 125.88164 | I106: =IF((E106-H106)>0,E106-H106,0) -> 85.318364
A108: MEMÓRIA DE CÁLCULO DO VALE LANCHE
A109: Valor Unitário | C109: Dias por mês | D109: Vale p/dia | E109: Custo total | F109: Base de cálculo | G109: Percentual de desconto | H109: Valor desconto | I109: Custo efetivo
A110: =IF(I18="Não aplicável",0,I18) -> 0 | C110: =IF(I19="Não aplicável",0,I19) -> 0 | D110: 1 | E110: =A110*C110*D110 -> 0 | F110: =E110 -> 0 | G110: =IF(I20="Não aplicável",0,I20) -> 0 | H110: =F110*G110 -> 0 | I110: =E110-H110 -> 0
A112: MEMÓRIA DE CÁLCULO DO | F112: =A15 -> Auxílio Alimentação
A113: Valor Unitário | C113: Dias por mês | D113: Vale p/dia | E113: Custo total | F113: Base de cálculo | G113: Percentual de desconto | H113: =H105 -> Valor desconto | I113: Custo efetivo
A114: =IF(I15="Não aplicável",0,I15) -> 27.15 | C114: =IF(I16="Não aplicável",0,I16) -> 22 | D114: 1 | E114: =A114*C114*D114 -> 597.3 | F114: =E114 -> 597.3 | G114: =IF(I17="Não aplicável",0,I17) -> 0.19 | H114: =F114*G114 -> 113.487 | I114: =E114-H114 -> 483.813
A116: TOTAL DO MONTANTE A (I + II + III+ IV + V +VI) | H116: =H47+H92+H102 -> 2.0807375 | I116: =I47+I92+I102 -> 4794.0512
A118: MONTANTE B
A119: I | B119: Despesas Diretas | H119: % | I119: Valor Mensal/unidade de serviço (R$)
A120: 1 | B120: Transporte (6) | H120: =I120/$I$132 -> 0 | I120: 0
A121: 2 | B121: Uniformes/EPI (6a) | H121: =I121/$I$132 -> 0 | I121: 0
A122: 3 | B122: Seguro de vida | H122: =I122/$I$132 -> 0 | I122: 0
A123: 4 | B123: Materiais/Equipamentos (7) | H123: =I123/$I$132 -> 0 | I123: =IF(F130=20%,G130,0) -> 0
A124: 5 | B124: Depreciação de equipamentos (8) | H124: =I124/$I$132 -> 0 | I124: 0
A125: 6 | B125: Mobilização (8) | H125: =I125/$I$132 -> 0 | I125: 0
...

Sheet Aux. Supervisor Canoas
A1: PLANILHA DE CUSTOS E FORMAÇÃO DE PREÇOS DE SERVIÇOS CONTINUADOS COM DEDICAÇÃO EXCLUSIVA DE MÃO DE OBRA (ANEXO III - DECRETO 52.768 de 15.12.2015)
A2: PROCESSO: | C2: 24/4501-0000254-7 | E2: REGIME DE TRIBUTAÇÃO: LUCRO REAL
A3: LICITAÇÃO/EDITAL | E3: ABERTURA:
A5: Cargo/Função: | D5: Auxiliar de Supervisor Canoas | G5: =IF(D6="12x36","Regime de trabalho:","Quantidade de HORAS/MÊS") -> Quantidade de HORAS/MÊS | I5: =IF(D6="12x36",D6,5*D6) -> 220
A6: =IF(D6="12x36","Regime de trabalho:","Regime de trabalho (horas semanais):") -> Regime de trabalho (horas semanais): | D6: 44
A7: Convenção Coletiva de Trabalho: | D7: CCT RS000041/2026 | G7: INSALUBRIDADE (10%, 20%, 40%) | I7: Não aplicável
A8: Origem do salário: | D8: CCT RS000041/2026
A9: Cidade: | D9: Canoas | G9: PERICULOSIDADE (30%) | I9: Não aplicável
A10: Salário Normativo | G10: Vlr. do salário e nº de horas correspondentes | H10: 220 | I10: 2307.83
A11: ISS | G11: =D9 -> Canoas | H11: Alíquota | I11: 0.03
A12: Tarifa Transporte | G12: CCT | H12: Vr. Unitário | I12: 4.8
H13: Dias | I13: 22
H14: Desconto | I14: 0.06
A15: Auxílio Alimentação | G15: CCT | H15: Vr. Unitário | I15: 27.15
H16: Dias | I16: 22
H17: Desconto | I17: 0.19
A18: Auxílio Lanche | G18: CCT | H18: Vr. Unitário | I18: 0
H19: Dias | I19: 0
H20: Desconto | I20: 0
A21: PLANO DE BENEFÍCIO SOCIAL FAMILIAR (Cláusla 31ª) | G21: CCT | H21: Valor mensal | I21: 25.52
A23: Prêmio Assiduidade (Cláusual 19ª) | G23: CCT | H23: Valor mensal | I23: 80
A25: Adicional de Supervisor (37%) | H25: Porcentagem | I25: Não aplicável
A26: Base de cálculo da insalubridade | H26: Valor | I26: Não aplicável
A27: Quantitativo de horas trabalhadas em feriados no mês (estimado) - Não aplicável para postos 12x36 | H27: Horas por mês | I27: 8
H28: Acréscimo da hora extra | I28: 1
A29: Hora Intervalar (somente para postos 12x36, quando for o caso) | H29: Horas por mês | I29: Não aplicável
A30: Sem fornecimento de materiais ou apenas fornecimento de EPIs ou uniformes, utilizar 10%. Com fornecimento de materiais ou equipamentos, utilizar 20%. (Decreto 52.768/2015, alterado pelo Decreto 53.424/2017) | H30: Porcentagem | I30: 0.1
I31: Não aplicável
A37: MONTANTE A
A38: I | B38: Remuneração - Grupo I | H38: % | I38: Valor Mensal/unidade de serviço (R$)
A39: 1 | B39: Salário | H39: =I39/$I$47 -> 0.91805766 | I39: =IF(D6="12x36",I10,I10/H10*I5) -> 2307.83
A40: =A39+1 -> 2 | B40: Adicional Periculosidade 30% (Ver súmulas 364, 132 e 191 do TST) | H40: =I40/$I$47 -> 0 | I40: =IF(I9=30%,I39*I9,0) -> 0
A41: =A40+1 -> 3 | B41: Adicional Insalubridade 10% (Ver súmula 228 e 139 TST) | H41: =I41/$I$47 -> 0 | I41: =IF(I7=10%,I26*I7,0) -> 0
A42: =A41+1 -> 4 | B42: Adicional Insalubridade 20% (Ver súmula 228 e 139 TST) | H42: =I42/$I$47 -> 0 | I42: =IF(I7=20%,I26*I7,0) -> 0
A43: =A42+1 -> 5 | B43: Adicional Insalubridade 40% (Ver súmula 228 e 139 TST) | H43: =I43/$I$47 -> 0 | I43: =IF(I7=40%,I26*I7,0) -> 0
A44: =A43+1 -> 6 | B44: Adicional de Supervisor (IN 05/2017 MPOG SLTI) | H44: =I44/$I$47 -> 0 | I44: =IF(I25="Não aplicável",0,I39*I25) -> 0
A45: =A44+1 -> 7 | B45: Feriados | H45: =I45/$I$47 -> 0.06676783 | I45: =IF(I27="Não aplicável",0,(I39+I40+I41+I42+I43+I44)/I5*I27*(1+I28)) -> 167.84218
A46: =A45+1 -> 8 | B46: DSR = número total das horas extras do mês / número de dias úteis X domingos e feriados do mês X valor da hora extra com acréscimo | H46: =I46/$I$47 -> 0.015174507 | I46: =IF(I27="Não aplicável",0,I27/I13*5*(I10/H10*(1+I28))) -> 38.14595
A47: Total de Remuneração | H47: =SUM(H39:H46) -> 1 | I47: =SUM(I39:I46) -> 2513.8181
A58: II | B58: Encargos Sociais - Grupo II: Obrigações Sociais | H58: % | I58: Valor Mensal/unidade de serviço (R$)
A59: 1 | B59: INSS (art. 22, inc. I, Lei nº 8.212/91) | H59: 0.2 | I59: =$I$47*H59 -> 502.76363
A60: 2 | B60: SESI ou SESC (art. 30, Lei nº 8.036/90) | H60: 0.015 | I60: =$I$47*H60 -> 37.707272
A61: 3 | B61: SENAI ou SENAC (Decreto-Lei nº 2.318/86) | H61: 0.01 | I61: =$I$47*H61 -> 25.138181
A62: 4 | B62: INCRA (art. 15I, Lei Complementar nº 011/71) | H62: 0.002 | I62: =$I$47*H62 -> 5.0276363
A63: 5 | B63: SALÁRIO EDUCAÇÃO (art. , inc. I, Decreto nº 87.043/82) | H63: 0.025 | I63: =$I$47*H63 -> 62.845453
A64: 6 | B64: FGTS (art. 15, Lei nº 8.036/90) | H64: 0.08 | I64: =$I$47*H64 -> 201.10545
A65: 7 | B65: SEG. ACIDENTE DO TRABALHO 1%, 2% e 3% (art. 22, inc. II, alíneas "b" e "c", da Lei nº 8.212/91) | H65: 0.03 | I65: =$I$47*H65 -> 75.414544
A66: 8 | B66: SEBRAE (§ 3º, art. 8º, Lei nº 8.029/90) | H66: 0.006 | I66: =$I$47*H66 -> 15.082909
A67: Total do Grupo II | H67: =SUM(H59:H66) -> 0.368 | I67: =SUM(I59:I66) -> 925.08507
A68: Os percentuais para o SAT podem variar de 0,50% a 6,00% em função do Fator de Acidente Previdenciário (FAP), Decreto nº 6.957/2009
A69: Deverá obrigatoriamente acompanhar a proposta de preços e a planilha de custos e formação de preços a prova do Fator Acidentário de Prevenção – FAP por meio de impressão de consulta ao site do Ministério da Previdência Social (que pode ser obtido no endereço eletrônico http://www2.dataprev.gov.br/fap/fap.htm), independentemente de alteração da alíquota da parcela do Seguro Acidente de Trabalho disposta no Quadro II da referida planilha.
A70: III | B70: Encargos Sociais - Grupo III: Tempo Não Trabalhado | H70: % | I70: Valor Mensal/unidade de serviço (R$)
A71: 1 | B71: FÉRIAS GOZADAS + ADICIONAL DE FÉRIAS | H71: 0.119314 | I71: =$I$47*H71 -> 299.9337
A72: 2 | B72: FALTAS ABONADAS (3) | H72: 0.020479 | I72: =$I$47*H72 -> 51.480482
A73: 3 | B73: FALTAS LEGAIS (4) | H73: 0.012123 | I73: =$I$47*H73 -> 30.475017
A74: 4 | B74: LICENÇA MATERNIDADE | H74: 0.011436 | I74: =$I$47*H74 -> 28.748024
A75: 5 | B75: LICENÇA PATERNIDADE | H75: 0.000174 | I75: =$I$47*H75 -> 0.43740436
A76: 6 | B76: ACIDENTE DE TRABALHO | H76: 0.000442 | I76: =$I$47*H76 -> 1.1111076
A77: 7 | B77: AVISO PRÉVIO TRABALHADO | H77: 0.000185 | I77: =$I$47*H77 -> 0.46505635
A78: 8 | B78: 13º SALÁRIO | H78: 0.09079 | I78: =$I$47*H78 -> 228.22955
A79: Total do Grupo III | H79: =SUM(H71:H78) -> 0.254943 | I79: =SUM(I71:I78) -> 640.88034
A80: (3) | B80: Faltas Justificadas por Auxílio Doença
A81: (4) | B81: Faltas Legais - Art. 473 CLT
A82: IV | B82: Encargos Sociais - Grupo IV: Indenizações | H82: % | I82: Valor Mensal/unidade de serviço (R$)
A83: 1 | B83: INDENIZAÇÕES | H83: 0.048321 | I83: =$I$47*H83 -> 121.47021
A84: 2 | B84: FGTS SOBRE INDENIZAÇÕES | H84: 0.003511 | I84: =$I$47*H84 -> 8.8260155
A85: 3 | B85: INDENIZAÇÃO COMPENSATÓRIA POR DEMISSÃO SEM JUSTA CAUSA | H85: 0.019328 | I85: =$I$47*H85 -> 48.587077
A86: Total do Grupo IV | H86: =SUM(H83:H85) -> 0.07116 | I86: =SUM(I83:I85) -> 178.8833
A88: V | B88: Encargos Sociais - Grupo V: Incidências | H88: % | I88: Valor Mensal/unidade de serviço (R$)
A89: 1 | B89: INCIDÊNCIA GRUPO II (Obrigações Sociais) X GRUPO III (Tempo Não Trabalhado) | H89: =(H67*H79) -> 0.093819024 | I89: =$I$47*H89 -> 235.84396
A90: Total do Grupo V | H90: =SUM(H89:H89) -> 0.093819024 | I90: =I89 -> 235.84396
A92: TOTAL DOS ENCARGOS SOCIAIS (II + III + IV + V) | H92: =H67+H79+H86+H90 -> 0.78792202 | I92: =I67+I79+I86+I90 -> 1980.6927
A94: VI | B94: Demais custos relativos à Norma Coletiva ou Disposições Legais - Grupo VI | H94: % | I94: Valor Mensal/unidade de serviço (R$)
A95: 1 | B95: Auxílio Alimentação | H95: =I95/$I$47 -> 0.19246142 | I95: =I114 -> 483.813
A96: =A95+1 -> 2 | B96: Auxílio Lanche | H96: =I96/$I$47 -> 0 | I96: =I110 -> 0
A97: =A96+1 -> 3 | B97: Plano de Saúde | H97: =I97/$I$47 -> 0 | I97: 0
A98: =A97+1 -> 4 | B98: Vale-Transporte⁽⁵⁾ | H98: =I98/$I$47 -> 0.028932165 | I98: =I106 -> 72.7302
A99: =A98+1 -> 5 | B99: Adicional Intervalar | H99: =I99/$I$47 -> 0 | I99: =IF(I29="Não aplicável",0,((I10/H10)*1.5*I29)) -> 0
A100: 6 | B100: Plano de Benefício Social Familiar | H100: =I100/$I$47 -> 0.010151888 | I100: =I21 -> 25.52
A101: 7 | B101: Prêmio Assiduidade | H101: =I101/$I$47 -> 0.0318241 | I101: =I23 -> 80
A102: Total do Grupo VI | H102: =SUM(H95:H101) -> 0.26336957 | I102: =SUM(I95:I101) -> 662.0632
A103: (5) | B103: O valor do vale-transporte pode variar de acordo com o modal fornecido pelo empregador.
A104: MEMÓRIA DE CÁLCULO DO VALE TRANSPORTE
A105: Valor Unitário | C105: Dias de Trabalho | D105: Vale p/dia | E105: Custo total | F105: Base de cálculo | G105: Percentual de desconto | H105: Valor desconto | I105: Custo efetivo
A106: =IF(I12="Não aplicável",0,I12) -> 4.8 | C106: =IF(I13="Não aplicável",0,I13) -> 22 | D106: 2 | E106: =A106*C106*D106 -> 211.2 | F106: =I39 -> 2307.83 | G106: =IF(I14="Não aplicável",0,I14) -> 0.06 | H106: =F106*G106 -> 138.4698 | I106: =IF((E106-H106)>0,E106-H106,0) -> 72.7302
A108: MEMÓRIA DE CÁLCULO DO VALE LANCHE
A109: Valor Unitário | C109: Dias por mês | D109: Vale p/dia | E109: Custo total | F109: Base de cálculo | G109: Percentual de desconto | H109: Valor desconto | I109: Custo efetivo
A110: =IF(I18="Não aplicável",0,I18) -> 0 | C110: =IF(I19="Não aplicável",0,I19) -> 0 | D110: 1 | E110: =A110*C110*D110 -> 0 | F110: =E110 -> 0 | G110: =IF(I20="Não aplicável",0,I20) -> 0 | H110: =F110*G110 -> 0 | I110: =E110-H110 -> 0
A112: MEMÓRIA DE CÁLCULO DO | F112: =A15 -> Auxílio Alimentação
A113: Valor Unitário | C113: Dias por mês | D113: Vale p/dia | E113: Custo total | F113: Base de cálculo | G113: Percentual de desconto | H113: =H105 -> Valor desconto | I113: Custo efetivo
A114: =IF(I15="Não aplicável",0,I15) -> 27.15 | C114: =IF(I16="Não aplicável",0,I16) -> 22 | D114: 1 | E114: =A114*C114*D114 -> 597.3 | F114: =E114 -> 597.3 | G114: =IF(I17="Não aplicável",0,I17) -> 0.19 | H114: =F114*G114 -> 113.487 | I114: =E114-H114 -> 483.813
A116: TOTAL DO MONTANTE A (I + II + III+ IV + V +VI) | H116: =H47+H92+H102 -> 2.0512916 | I116: =I47+I92+I102 -> 5156.574
A118: MONTANTE B
A119: I | B119: Despesas Diretas | H119: % | I119: Valor Mensal/unidade de serviço (R$)
A120: 1 | B120: Transporte (6) | H120: =I120/$I$132 -> 0 | I120: 0
A121: 2 | B121: Uniformes/EPI (6a) | H121: =I121/$I$132 -> 0 | I121: 0
A122: 3 | B122: Seguro de vida | H122: =I122/$I$132 -> 0 | I122: 0
A123: 4 | B123: Materiais/Equipamentos (7) | H123: =I123/$I$132 -> 0 | I123: =IF(F130=20%,G130,0) -> 0
A124: 5 | B124: Depreciação de equipamentos (8) | H124: =I124/$I$132 -> 0 | I124: 0
A125: 6 | B125: Mobilização (8) | H125: =I125/$I$132 -> 0 | I125: 0
...

Sheet Motorista
A1: PLANILHA DE CUSTOS E FORMAÇÃO DE PREÇOS DE SERVIÇOS CONTINUADOS COM DEDICAÇÃO EXCLUSIVA DE MÃO DE OBRA (ANEXO III - DECRETO 52.768 de 15.12.2015)
A2: PROCESSO: | C2: 24/4501-0000254-7 | E2: REGIME DE TRIBUTAÇÃO: LUCRO REAL
A3: LICITAÇÃO/EDITAL | E3: ABERTURA:
A5: Cargo/Função: | D5: Motorista | G5: =IF(D6="12x36","Regime de trabalho:","Quantidade de HORAS/MÊS") -> Quantidade de HORAS/MÊS | I5: =IF(D6="12x36",D6,5*D6) -> 220
A6: =IF(D6="12x36","Regime de trabalho:","Regime de trabalho (horas semanais):") -> Regime de trabalho (horas semanais): | D6: 44
A7: Convenção Coletiva de Trabalho: | D7: CCT RS004627/2024 | G7: INSALUBRIDADE (10%, 20%, 40%) | I7: Não aplicável
A8: Origem do salário: | D8: CCT RS004627/2024
A9: Cidade: | D9: Porto Alegre | G9: PERICULOSIDADE (30%) | I9: Não aplicável
A10: Salário Normativo | G10: Vlr. do salário e nº de horas correspondentes | H10: 220 | I10: 2323.27
A11: ISS | G11: =D9 -> Porto Alegre | H11: Alíquota | I11: 0.05
A12: Tarifa Transporte | G12: CCT | H12: Vr. Unitário | I12: 5.3
H13: Dias | I13: 22
H14: Desconto | I14: 0.06
A15: Auxílio Alimentação | G15: CCT | H15: Vr. Unitário | I15: 31.69
H16: Dias | I16: 22
H17: Desconto | I17: 0.2
A18: CLÁUSULA DÉCIMA QUARTA - CESTA BÁSICA | G18: CCT | H18: Vr. Unitário | I18: 198.64
H19: Dias | I19: 1
H20: Desconto | I20: 0.2
A21: Outros Benefícios | G21: CCT | H21: Valor mensal | I21: 0
A25: Adicional de Supervisor (37%) | H25: Porcentagem | I25: Não aplicável
A26: Base de cálculo da insalubridade | H26: Valor | I26: Não aplicável
A27: Quantitativo de horas trabalhadas em feriados no mês (estimado) - Não aplicável para postos 12x36 | H27: Horas por mês | I27: 8
H28: Acréscimo da hora extra | I28: 1
A29: Hora Intervalar (somente para postos 12x36, quando for o caso) | H29: Horas por mês | I29: Não aplicável
A30: Sem fornecimento de materiais ou apenas fornecimento de EPIs ou uniformes, utilizar 10%. Com fornecimento de materiais ou equipamentos, utilizar 20%. (Decreto 52.768/2015, alterado pelo Decreto 53.424/2017) | H30: Porcentagem | I30: 0.1
I31: Não aplicável
A37: MONTANTE A
A38: I | B38: Remuneração - Grupo I | H38: % | I38: Valor Mensal/unidade de serviço (R$)
A39: 1 | B39: Salário | H39: =I39/$I$47 -> 0.91805766 | I39: =IF(D6="12x36",I10,I10/H10*I5) -> 2323.27
A40: =A39+1 -> 2 | B40: Adicional Periculosidade 30% (Ver súmulas 364, 132 e 191 do TST) | H40: =I40/$I$47 -> 0 | I40: =IF(I9=30%,I39*I9,0) -> 0
A41: =A40+1 -> 3 | B41: Adicional Insalubridade 10% (Ver súmula 228 e 139 TST) | H41: =I41/$I$47 -> 0 | I41: =IF(I7=10%,I26*I7,0) -> 0
A42: =A41+1 -> 4 | B42: Adicional Insalubridade 20% (Ver súmula 228 e 139 TST) | H42: =I42/$I$47 -> 0 | I42: =IF(I7=20%,I26*I7,0) -> 0
A43: =A42+1 -> 5 | B43: Adicional Insalubridade 40% (Ver súmula 228 e 139 TST) | H43: =I43/$I$47 -> 0 | I43: =IF(I7=40%,I26*I7,0) -> 0
A44: =A43+1 -> 6 | B44: Adicional de Supervisor (IN 05/2017 MPOG SLTI) | H44: =I44/$I$47 -> 0 | I44: =IF(I25="Não aplicável",0,I39*I25) -> 0
A45: =A44+1 -> 7 | B45: Feriados | H45: =I45/$I$47 -> 0.06676783 | I45: =IF(I27="Não aplicável",0,(I39+I40+I41+I42+I43+I44)/I5*I27*(1+I28)) -> 168.96509
A46: =A45+1 -> 8 | B46: DSR = número total das horas extras do mês / número de dias úteis X domingos e feriados do mês X valor da hora extra com acréscimo | H46: =I46/$I$47 -> 0.015174507 | I46: =IF(I27="Não aplicável",0,I27/I13*5*(I10/H10*(1+I28))) -> 38.401157
A47: Total de Remuneração | H47: =SUM(H39:H46) -> 1 | I47: =SUM(I39:I46) -> 2530.6362
A58: II | B58: Encargos Sociais - Grupo II: Obrigações Sociais | H58: % | I58: Valor Mensal/unidade de serviço (R$)
A59: 1 | B59: INSS (art. 22, inc. I, Lei nº 8.212/91) | H59: 0.2 | I59: =$I$47*H59 -> 506.12725
A60: 2 | B60: SESI ou SESC (art. 30, Lei nº 8.036/90) | H60: 0.015 | I60: =$I$47*H60 -> 37.959544
A61: 3 | B61: SENAI ou SENAC (Decreto-Lei nº 2.318/86) | H61: 0.01 | I61: =$I$47*H61 -> 25.306362
A62: 4 | B62: INCRA (art. 15I, Lei Complementar nº 011/71) | H62: 0.002 | I62: =$I$47*H62 -> 5.0612725
A63: 5 | B63: SALÁRIO EDUCAÇÃO (art. , inc. I, Decreto nº 87.043/82) | H63: 0.025 | I63: =$I$47*H63 -> 63.265906
A64: 6 | B64: FGTS (art. 15, Lei nº 8.036/90) | H64: 0.08 | I64: =$I$47*H64 -> 202.4509
A65: 7 | B65: SEG. ACIDENTE DO TRABALHO 1%, 2% e 3% (art. 22, inc. II, alíneas "b" e "c", da Lei nº 8.212/91) | H65: 0.03 | I65: =$I$47*H65 -> 75.919087
A66: 8 | B66: SEBRAE (§ 3º, art. 8º, Lei nº 8.029/90) | H66: 0.006 | I66: =$I$47*H66 -> 15.183817
A67: Total do Grupo II | H67: =SUM(H59:H66) -> 0.368 | I67: =SUM(I59:I66) -> 931.27414
A68: Os percentuais para o SAT podem variar de 0,50% a 6,00% em função do Fator de Acidente Previdenciário (FAP), Decreto nº 6.957/2009
A69: Deverá obrigatoriamente acompanhar a proposta de preços e a planilha de custos e formação de preços a prova do Fator Acidentário de Prevenção – FAP por meio de impressão de consulta ao site do Ministério da Previdência Social (que pode ser obtido no endereço eletrônico http://www2.dataprev.gov.br/fap/fap.htm), independentemente de alteração da alíquota da parcela do Seguro Acidente de Trabalho disposta no Quadro II da referida planilha.
A70: III | B70: Encargos Sociais - Grupo III: Tempo Não Trabalhado | H70: % | I70: Valor Mensal/unidade de serviço (R$)
A71: 1 | B71: FÉRIAS GOZADAS + ADICIONAL DE FÉRIAS | H71: 0.119314 | I71: =$I$47*H71 -> 301.94033
A72: 2 | B72: FALTAS ABONADAS (3) | H72: 0.020479 | I72: =$I$47*H72 -> 51.8249
A73: 3 | B73: FALTAS LEGAIS (4) | H73: 0.012123 | I73: =$I$47*H73 -> 30.678903
A74: 4 | B74: LICENÇA MATERNIDADE | H74: 0.011436 | I74: =$I$47*H74 -> 28.940356
A75: 5 | B75: LICENÇA PATERNIDADE | H75: 0.000174 | I75: =$I$47*H75 -> 0.44033071
A76: 6 | B76: ACIDENTE DE TRABALHO | H76: 0.000442 | I76: =$I$47*H76 -> 1.1185412
A77: 7 | B77: AVISO PRÉVIO TRABALHADO | H77: 0.000185 | I77: =$I$47*H77 -> 0.46816771
A78: 8 | B78: 13º SALÁRIO | H78: 0.09079 | I78: =$I$47*H78 -> 229.75646
A79: Total do Grupo III | H79: =SUM(H71:H78) -> 0.254943 | I79: =SUM(I71:I78) -> 645.168
A80: (3) | B80: Faltas Justificadas por Auxílio Doença
A81: (4) | B81: Faltas Legais - Art. 473 CLT
A82: IV | B82: Encargos Sociais - Grupo IV: Indenizações | H82: % | I82: Valor Mensal/unidade de serviço (R$)
A83: 1 | B83: INDENIZAÇÕES | H83: 0.048321 | I83: =$I$47*H83 -> 122.28287
A84: 2 | B84: FGTS SOBRE INDENIZAÇÕES | H84: 0.003511 | I84: =$I$47*H84 -> 8.8850639
A85: 3 | B85: INDENIZAÇÃO COMPENSATÓRIA POR DEMISSÃO SEM JUSTA CAUSA | H85: 0.019328 | I85: =$I$47*H85 -> 48.912137
A86: Total do Grupo IV | H86: =SUM(H83:H85) -> 0.07116 | I86: =SUM(I83:I85) -> 180.08008
A88: V | B88: Encargos Sociais - Grupo V: Incidências | H88: % | I88: Valor Mensal/unidade de serviço (R$)
A89: 1 | B89: INCIDÊNCIA GRUPO II (Obrigações Sociais) X GRUPO III (Tempo Não Trabalhado) | H89: =(H67*H79) -> 0.093819024 | I89: =$I$47*H89 -> 237.42182
A90: Total do Grupo V | H90: =SUM(H89:H89) -> 0.093819024 | I90: =I89 -> 237.42182
A92: TOTAL DOS ENCARGOS SOCIAIS (II + III + IV + V) | H92: =H67+H79+H86+H90 -> 0.78792202 | I92: =I67+I79+I86+I90 -> 1993.944
A94: VI | B94: Demais custos relativos à Norma Coletiva ou Disposições Legais - Grupo VI | H94: % | I94: Valor Mensal/unidade de serviço (R$)
A95: 1 | B95: Auxílio Alimentação | H95: =I95/$I$47 -> 0.22039675 | I95: =I113 -> 557.744
A96: =A95+1 -> 2 | B96: Auxílio Lanche | H96: =I96/$I$47 -> 0.062795275 | I96: =I109 -> 158.912
A97: =A96+1 -> 3 | B97: Plano de Saúde | H97: =I97/$I$47 -> 0 | I97: 0
A98: =A97+1 -> 4 | B98: Vale-Transporte⁽⁵⁾ | H98: =I98/$I$47 -> 0.037067279 | I98: =I105 -> 93.8038
A99: =A98+1 -> 5 | B99: Adicional Intervalar | H99: =I99/$I$47 -> 0 | I99: =IF(I29="Não aplicável",0,((I10/H10)*1.5*I29)) -> 0
A100: =A99+1 -> 6 | B100: Outros | H100: =I100/$I$47 -> 0 | I100: =IF(I21="Não aplicável",0,I21) -> 0
A101: Total do Grupo VI | H101: =SUM(H95:H100) -> 0.3202593 | I101: =SUM(I95:I100) -> 810.4598
A102: (5) | B102: O valor do vale-transporte pode variar de acordo com o modal fornecido pelo empregador.
A103: MEMÓRIA DE CÁLCULO DO VALE TRANSPORTE
A104: Valor Unitário | C104: Dias de Trabalho | D104: Vale p/dia | E104: Custo total | F104: Base de cálculo | G104: Percentual de desconto | H104: Valor desconto | I104: Custo efetivo
A105: =IF(I12="Não aplicável",0,I12) -> 5.3 | C105: =IF(I13="Não aplicável",0,I13) -> 22 | D105: 2 | E105: =A105*C105*D105 -> 233.2 | F105: =I39 -> 2323.27 | G105: =IF(I14="Não aplicável",0,I14) -> 0.06 | H105: =F105*G105 -> 139.3962 | I105: =IF((E105-H105)>0,E105-H105,0) -> 93.8038
A107: MEMÓRIA DE CÁLCULO DO VALE LANCHE
A108: Valor Unitário | C108: Dias por mês | D108: Vale p/dia | E108: Custo total | F108: Base de cálculo | G108: Percentual de desconto | H108: Valor desconto | I108: Custo efetivo
A109: =IF(I18="Não aplicável",0,I18) -> 198.64 | C109: =IF(I19="Não aplicável",0,I19) -> 1 | D109: 1 | E109: =A109*C109*D109 -> 198.64 | F109: =E109 -> 198.64 | G109: =IF(I20="Não aplicável",0,I20) -> 0.2 | H109: =F109*G109 -> 39.728 | I109: =E109-H109 -> 158.912
A111: MEMÓRIA DE CÁLCULO DO | F111: =A15 -> Auxílio Alimentação
A112: Valor Unitário | C112: Dias por mês | D112: Vale p/dia | E112: Custo total | F112: Base de cálculo | G112: Percentual de desconto | H112: =H104 -> Valor desconto | I112: Custo efetivo
A113: =IF(I15="Não aplicável",0,I15) -> 31.69 | C113: =IF(I16="Não aplicável",0,I16) -> 22 | D113: 1 | E113: =A113*C113*D113 -> 697.18 | F113: =E113 -> 697.18 | G113: =IF(I17="Não aplicável",0,I17) -> 0.2 | H113: =F113*G113 -> 139.436 | I113: =E113-H113 -> 557.744
A115: TOTAL DO MONTANTE A (I + II + III+ IV + V +VI) | H115: =H47+H92+H101 -> 2.1081813 | I115: =I47+I92+I101 -> 5335.0401
A117: MONTANTE B
A118: I | B118: Despesas Diretas | H118: % | I118: Valor Mensal/unidade de serviço (R$)
A119: 1 | B119: Transporte (6) | H119: =I119/$I$131 -> 0 | I119: 0
A120: 2 | B120: Uniformes/EPI (6a) | H120: =I120/$I$131 -> 0 | I120: 0
A121: 3 | B121: Seguro de vida | H121: =I121/$I$131 -> 0 | I121: 0
A122: 4 | B122: Materiais/Equipamentos (7) | H122: =I122/$I$131 -> 0 | I122: =IF(F129=20%,G129,0) -> 0
A123: 5 | B123: Depreciação de equipamentos (8) | H123: =I123/$I$131 -> 0 | I123: 0
A124: 6 | B124: Mobilização (8) | H124: =I124/$I$131 -> 0 | I124: 0
A125: 7 | B125: Outros (especificar) | H125: =I125/$I$131 -> 0 | I125: 0
A126: Total de Despesas Diretas | H126: =H119+H120+H121+H122+H124+H125 -> 0 | I126: =SUM(I119:I125) -> 0
...

Sheet Materiais Equipamentos
A1: ATENÇÃO: SOMENTE PREENCHER QUANDO HOUVER FORNECIMENTO DE MATERIAIS E/OU EQUIPAMENTOS (NÃO INCLUÍDO EPIs E UNIFORMES)
A2: PLANILHA DE MATERIAIS E EQUIPAMENTOS A SER PREENCHIDA PELO LICITANTE COM BASE NO TERMO DE REFERÊNCIA (CGL 7.2 DO EDITAL)
A3: Material/Equipamento (não incluir EPIs e uniformes) | B3: Quantidade | C3: Valor unitário | D3: Valor total
A35: VALOR TOTAL MENSAL DE MATERIAIS/EQUIPAMENTOS: | D35: =SUM(D4:D33) -> 0

Sheet Resumo 
A1: Função | B1: Cidade | C1: Carga Horária | D1: Dias da semana | E1: Nº de Postos | F1: Valor unitário mensal de MATERIAL/EQUIPAMENTO | G1: Valor total mensal de MATERIAL/EQUIPAMENTO | H1: Valor unitário mensal de retenção para a CONTA VINCULADA | I1: Valor total mensal de retenção para a CONTA VINCULADA | J1: Valor unitário mensal do posto | K1: Valor total mensal do posto
A2: Supervisor POA | B2: Porto Alegre | C2: 44h | D2: seg-sex | E2: 1 | F2: =OFFSET(INDIRECT(SUBSTITUTE(_xlfn.FORMULATEXT(J2),"=","")), -6, 0) -> 0 | G2: =F2*E2 -> 0 | H2: =OFFSET(INDIRECT(SUBSTITUTE(_xlfn.FORMULATEXT(J2),"=","")), -3, 0) -> 1320.5557 | I2: =H2*E2 -> 1320.5557 | J2: =Supervisor!I194 -> 7949.0475 | K2: =E2*J2 -> 7949.0475
A3: Auxiliar de Supervisor | B3: Porto Alegre | C3: 44h | D3: seg-sex | E3: 18 | F3: =OFFSET(INDIRECT(SUBSTITUTE(_xlfn.FORMULATEXT(J3),"=","")), -6, 0) -> 0 | G3: =F3*E3 -> 0 | H3: =OFFSET(INDIRECT(SUBSTITUTE(_xlfn.FORMULATEXT(J3),"=","")), -3, 0) -> 967.87587 | I3: =H3*E3 -> 17421.766 | J3: ='Auxiliar de Supervisor'!I194 -> 6039.1534 | K3: =E3*J3 -> 108704.76
A4: Motorista | B4: Porto Alegre | C4: 44h | D4: seg-sex | E4: 3 | F4: =OFFSET(INDIRECT(SUBSTITUTE(_xlfn.FORMULATEXT(J4),"=","")), -6, 0) -> 0 | G4: =F4*E4 -> 0 | H4: =OFFSET(INDIRECT(SUBSTITUTE(_xlfn.FORMULATEXT(J4),"=","")), -3, 0) -> 974.35122 | I4: =H4*E4 -> 2923.0536 | J4: =Motorista!I193 -> 6221.6211 | K4: =E4*J4 -> 18664.863
A5: Auxiliar de Serviços Administrativos | B5: Porto Alegre | C5: 40h | D5: seg-sex | E5: 76 | F5: =OFFSET(INDIRECT(SUBSTITUTE(_xlfn.FORMULATEXT(J5),"=","")), -6, 0) -> 0 | G5: =F5*E5 -> 0 | H5: =OFFSET(INDIRECT(SUBSTITUTE(_xlfn.FORMULATEXT(J5),"=","")), -3, 0) -> 887.09715 | I5: =H5*E5 -> 67419.384 | J5: ='Auxiliar de Serviços Adm'!I194 -> 5616.3863 | K5: =E5*J5 -> 426845.36
A6: Recepcionista | B6: Porto Alegre | C6: 40h | D6: seg-sex | E6: 1 | F6: =OFFSET(INDIRECT(SUBSTITUTE(_xlfn.FORMULATEXT(J6),"=","")), -6, 0) -> 0 | G6: =F6*E6 -> 0 | H6: =OFFSET(INDIRECT(SUBSTITUTE(_xlfn.FORMULATEXT(J6),"=","")), -3, 0) -> 767.40325 | I6: =H6*E6 -> 767.40325 | J6: =Recepcionista!I194 -> 4988.0062 | K6: =E6*J6 -> 4988.0062
A7: Auxiliar de Limpeza | B7: Porto Alegre | C7: 40h | D7: seg-sex | E7: 8 | F7: ='Auxiliar de Limpeza'!I123 -> 0 | G7: =F7*E7 -> 0 | H7: =OFFSET(INDIRECT(SUBSTITUTE(_xlfn.FORMULATEXT(J7),"=","")), -3, 0) -> 945.78547 | I7: =H7*E7 -> 7566.2837 | J7: ='Auxiliar de Limpeza'!I194 -> 5968.6802 | K7: =E7*J7 -> 47749.442
A8: Auxiliar de Serviços Administrativos | B8: Canoas | C8: 44h | D8: seg-sex | E8: 4 | F8: =OFFSET(INDIRECT(SUBSTITUTE(_xlfn.FORMULATEXT(J8),"=","")), -6, 0) -> 0 | G8: =F8*E8 -> 0 | H8: =OFFSET(INDIRECT(SUBSTITUTE(_xlfn.FORMULATEXT(J8),"=","")), -3, 0) -> 887.09715 | I8: =H8*E8 -> 3548.3886 | J8: ='Auxiliar de Serv Adm Canoas'!I194 -> 5463.3063 | K8: =E8*J8 -> 21853.225
A9: Auxiliar de Supervisor | B9: Canoas | C9: 44h | D9: seg-sex | E9: 1 | F9: =OFFSET(INDIRECT(SUBSTITUTE(_xlfn.FORMULATEXT(J9),"=","")), -6, 0) -> 0 | G9: =F9*E9 -> 0 | H9: =OFFSET(INDIRECT(SUBSTITUTE(_xlfn.FORMULATEXT(J9),"=","")), -3, 0) -> 967.87587 | I9: =H9*E9 -> 967.87587 | J9: ='Aux. Supervisor Canoas'!I194 -> 5876.4376 | K9: =E9*J9 -> 5876.4376
A11: TOTAL DE POSTOS: | E11: =SUM(E2:E9) -> 112 | F11: VALOR TOTAL MENSAL DE MATERIAIS/EQUIPAMENTOS: | G11: =SUM(G2:G9) -> 0 | H11: VALOR MENSAL PARA RETENÇÃO EM CONTA VINCULADA: | I11: =SUM(I2:I9) -> 101934.71 | J11: PORCENTAGEM CORRESPONDENTE EM RELAÇÃO AO VALOR TOTAL PARA RETENÇÃO EM CONTA VINCULADA: | K11: =I11/K13 -> 0.15862087
A13: VALOR GLOBAL MENSAL: | K13: =SUM(K2:K9) -> 642631.14
